 Dungeon Crawl Stone Soup version 0.29.1-1-gd02db6906a (webtiles) character file.

Game seed: 5594514605033526692

13874580 sobakacece the Petrodigitator (level 27, 199/199 HPs)
             Began as a Gargoyle Earth Elementalist on Sept 13, 2022.
             Was the Champion of Vehumet.
             Escaped with the Orb
             ... and 15 runes on Sept 15, 2022!
             The game lasted 07:13:52 (115844 turns).

sobakacece the Petrodigitator (GrEE)              Turns: 115844, Time: 07:13:53

Health: 199/199    AC: 39    Str: 15    XL:     27
Magic:  71/71      EV: 22    Int: 50    God:    Vehumet [******]
Gold:   16477      SH: 18    Dex: 14    Spells: 7/76 levels left

rFire   + + +      SeeInvis +   v - +9 rapier of Innocence {vorpal, rElec rPois Will+ Int+6}
rCold   + + +      Faith    .   i - +2 shield of Resistance {rF++ rC++ Will++}
rNeg    + + +      Spirit   .   s - +2 robe of Moc Pucs {Dex+4 Archmagi}
rPois   ∞          Reflect  .   S - +3 hat of Pondering {ponderous, Will+ MP+10 Int+5}
rElec   +          Harm     .   F - +0 cloak of Kybrun {rF+ Dex+3}
rCorr   +          Rampage  .   d - +2 pair of gloves "Usubolupp" {Will+ MP+9}
Will    +++++      Archmagi +   n - +2 pair of boots
Stlth   ++........              R - amulet of Vitality {RegenMP++ Regen++}
HPRegen 2.03/turn               O - ring of Brilliance {rC+ Will+ rCorr Int+4 SInv}
MPRegen 1.22/turn               f - ring of Asaten {rN+++ Int+5 Dex-2 Slay+4}

@: flying, studying 7 skills, slow
A: sickness immunity, AC +20, big wings, negative energy resistance 1,
electricity resistance, torment resistance 1, petrification resistance, clever
1, deformed body, strong-willed 1, wild magic 1
0: Orb of Zot
}: 15/15 runes: decaying, slimy, silver, golden, iron, obsidian, icy, bone,
abyssal, demonic, glowing, magical, fiery, dark, gossamer
a: Renounce Religion


You escaped.
You worshipped Vehumet.
Vehumet was exalted by your worship.
You visited 18 branches of the dungeon, and saw 88 of its levels.
You visited Pandemonium 1 time, and saw 15 of its levels.
You visited the Abyss 1 time.
You completed 1 ziggurat, and saw 27 of its levels.
You also visited: Trove, Sewer, Gauntlet, Volcano, Wizlab and Desolation.

You collected 19016 gold pieces.
You spent 2539 gold pieces at shops.

Inventory:

Hand Weapons
 v - the +9 rapier of Innocence (weapon) {vorpal, rElec rPois Will+ Int+6}
   (You found it on level 5 of the Lair of Beasts)

   It inflicts extra damage upon your enemies.
   Int:       It affects your intelligence (+6).
   rElec:     It insulates you from electricity.
   rPois:     It protects you from poison.
   Will:      It increases your willpower.
Missiles
 g - 23 curare-tipped darts
Armour
 d - the +2 pair of gloves "Usubolupp" (worn) {Will+ MP+9}
   (You acquired it on level 4 of the Spider Nest)

   MP:        It affects your magic capacity (+9).
   Will:      It increases your willpower.
 i - the +2 shield of Resistance (worn) {rF++ rC++ Will++}
   (You found it on level 7 of a ziggurat)

   rF:        It greatly protects you from fire.
   rC:        It greatly protects you from cold.
   Will:      It greatly increases your willpower.
 n - a +2 pair of boots (worn)
 s - the +2 robe of Moc Pucs (worn) {Dex+4 Archmagi}
   (You found it on level 10 of a ziggurat)

   Dex:       It affects your dexterity (+4).
   Archmagi:  It increases the power of your magical spells.
 F - the +0 cloak of Kybrun (worn) {rF+ Dex+3}
   (You found it in the Desolation of Salt)

   Dex:       It affects your dexterity (+3).
   rF:        It protects you from fire.
 S - the +3 hat of Pondering (worn) {ponderous, Will+ MP+10 Int+5}
   (You found it on level 11 of the Dungeon)

   Int:       It affects your intelligence (+5).
   MP:        It affects your magic capacity (+10).
   Will:      It increases your willpower.
Jewellery
 f - the ring of Asaten (right hand) {rN+++ Int+5 Dex-2 Slay+4}
   (You took it off a deep elf pyromancer on level 3 of the Elven Halls)

   [ring of slaying]

   Int:       It affects your intelligence (+5).
   Dex:       It affects your dexterity (-2).
   Slay:      It affects your accuracy & damage with ranged weapons and melee
   (+4).
   rN:        It renders you almost immune to negative energy.
 O - the ring of Brilliance (left hand) {rC+ Will+ rCorr Int+4 SInv}
   (You bought it in a shop on level 2 of the Orcish Mines)

   [ring of willpower]

   Int:       It affects your intelligence (+4).
   rC:        It protects you from cold.
   SInv:      It lets you see invisible.
   rCorr:     It protects you from acid and corrosion.
   Will:      It increases your willpower.
 R - the amulet of Vitality (around neck) {RegenMP++ Regen++}
   (You found it on level 12 of a ziggurat)

   [amulet of magic regeneration]

   It increases your rate of magic regeneration.
   Regen:     It increases your rate of health regeneration.
Wands
 x - a wand of iceblast (38)
 C - a wand of mindburst (26)
 E - a wand of digging (22)
 L - a wand of flame (14)
 Q - a wand of acid (25)
 V - a wand of charming (9)
Scrolls
 c - 24 scrolls of fog
 h - 6 scrolls of fear
 k - 10 scrolls of blinking
 q - 12 scrolls of amnesia
 y - 39 scrolls of teleportation
 D - 12 scrolls of magic mapping
 H - 20 scrolls of enchant armour
 I - 5 scrolls of summoning
 J - 7 scrolls of brand weapon
 K - 18 scrolls of enchant weapon
 X - 19 scrolls of immolation
Potions
 b - 10 potions of magic
 e - 21 potions of lignification
 j - 7 potions of berserk rage
 l - 7 potions of resistance
 o - 11 potions of might
 p - 9 potions of haste
 r - 14 potions of heal wounds
 u - 12 potions of ambrosia
 w - 51 potions of curing
 z - 4 potions of invisibility
 A - 14 potions of mutation
 G - 12 potions of cancellation
 N - 11 potions of brilliance
Miscellaneous
 m - a condenser vane
 t - a phial of floods
 P - a lightning rod (4/4)
 T - 2 +1 figurines of a ziggurat
 U - a tin of tremorstones (2/2)
 W - the horn of Geryon
 Z - a box of beasts


   Skills:
 O Level 27 Fighting
 - Level 19.7(20.0) Short Blades
 - Level 5.0(13.8) Long Blades
 - Level 5.3(5.4) Polearms
 - Level 1.6(4.0) Staves
 + Level 24.0 Armour
 - Level 20.0 Dodging
 - Level 15.0 Stealth
 + Level 22.3 Shields
 - Level 25.0 Spellcasting
 - Level 22.0 Conjurations
 - Level 1.4 Summonings
 - Level 26.9 Necromancy
 - Level 5.0 Translocations
 - Level 12.0 Transmutations
 - Level 26.9 Fire Magic
 O Level 27 Earth Magic
 - Level 9.1 Poison Magic
 - Level 22.0 Evocations


You had 7 spell levels left.
You knew the following spells:

 Your Spells              Type           Power      Damage    Failure   Level
a - Spellforged Servitor  Conj/Summ      75%        N/A       1%          7
b - Blink                 Tloc           100%       N/A       1%          2
c - Lehudib's Crystal Sp  Conj/Erth      92%        10d20     1%          8
d - Shatter               Erth           95%        3d68*     1%          9
e - Olgreb's Toxic Radia  Pois           100%       N/A       1%          4
f - Leda's Liquefaction   Hex/Erth       78%        N/A       1%          4
g - Passwall              Tmut/Erth      100%       N/A       1%          2
h - Fire Storm            Conj/Fire      92%        8d23      1%          9
i - Necromutation         Tmut/Necr      86%        N/A       1%          8
j - Sandblast             Erth           100%       2d20      1%          1
k - Iron Shot             Conj/Erth      92%        9d17      1%          6
m - Death's Door          Necr           94%        N/A       1%          9

Your spell library contained the following spells:

 Spells                   Type           Power      Damage    Failure   Level
 Polar Vortex             Ice            44%        N/A       100%        9
 Apportation              Tloc           100%       N/A       1%          1
 Beastly Appendage        Tmut           100%       N/A       1%          1
 Foxfire                  Conj/Fire      100%       2x1d9     1%          1
 Magic Dart               Conj           100%       1d8       1%          1
 Necrotise                Necr           100%       1d9       1%          1
 Shock                    Conj/Air       100%       1d9       1%          1
 Slow                     Hex            100%       N/A       1%          1
 Sting                    Tmut/Pois      100%       1d8       1%          1
 Summon Small Mammal      Summ           100%       N/A       1%          1
 Call Imp                 Summ           99%        N/A       1%          2
 Ensorcelled Hibernation  Hex/Ice        100%       N/A       1%          2
 Poisonous Vapours        Pois/Air       100%       N/A       1%          2
 Scorch                   Fire           100%       2d10      1%          2
 Searing Ray              Conj           100%       2d8       1%          2
 Static Discharge         Conj/Air       100%       3-16/arc  1%          2
 Wereblood                Tmut           100%       N/A       1%          2
 Call Canine Familiar     Summ           99%        N/A       1%          3
 Confusing Touch          Hex            89%        N/A       1%          3
 Conjure Flame            Conj/Fire      100%       6-21      1%          3
 Dazzling Flash           Conj/Hex       100%       N/A       1%          3
 Frozen Ramparts          Ice            100%       1d16      1%          3
 Gell's Gravitas          Tloc           100%       N/A       1%          3
 Ignite Poison            Fire/Tmut/Pois 100%       N/A       1%          3
 Inner Flame              Hex/Fire       100%       N/A       1%          3
 Lesser Beckoning         Tloc           100%       N/A       1%          3
 Mephitic Cloud           Conj/Pois/Air  100%       N/A       1%          3
 Ozocubu's Armour         Ice            89%        N/A       1%          3
 Portal Projectile        Hex/Tloc       100%       N/A       1%          3
 Spider Form              Tmut/Pois      100%       N/A       1%          3
 Stone Arrow              Conj/Erth      100%       3d13      1%          3
 Summon Guardian Golem    Hex/Summ       94%        N/A       1%          3
 Swiftness                Air            89%        N/A       1%          3
 Teleport Other           Tloc           100%       N/A       1%          3
 Tukima's Dance           Hex            89%        N/A       1%          3
 Vampiric Draining        Necr           100%       2d13      1%          3
 Airstrike                Air            44%        2d(7-23)  1%          4
 Anguish                  Hex/Necr       77%        N/A       1%          4
 Animate Armour           Summ/Erth      100%       N/A       1%          4
 Corpse Rot               Necr/Pois/Air  100%       N/A       1%          4
 Dispel Undead            Necr           100%       3d31      1%          4
 Flame Wave               Conj/Fire      100%       2d21      1%          4
 Fulminant Prism          Conj/Hex       73%        3d30      1%          4
 Hailstorm                Conj/Ice       100%       3d20      1%          4
 Ice Form                 Ice/Tmut       100%       N/A       1%          4
 Iskenderun's Mystic Bla  Conj/Tloc      100%       2d19      1%          4
 Passage of Golubria      Tloc           100%       N/A       1%          4
 Petrify                  Tmut/Erth      100%       N/A       1%          4
 Sticky Flame             Conj/Fire      100%       2d11      1%          4
 Agony                    Necr           100%       N/A       1%          5
 Alistair's Intoxication  Tmut/Pois      96%        N/A       1%          5
 Blade Hands              Tmut           75%        N/A       1%          5
 Borgnjor's Vile Clutch   Necr/Erth      95%        N/A       1%          5
 Fireball                 Conj/Fire      92%        3d34      1%          5
 Freezing Cloud           Conj/Ice/Air   66%        6-21      1%          5
 Irradiate                Conj/Tmut      83%        3d39      1%          5
 Iskenderun's Battlesphe  Conj           100%       2d15      1%          5
 Lee's Rapid Deconstruct  Erth           95%        3d43*     1%          5
 Lightning Bolt           Conj/Air       73%        1d99      1%          5
 Manifold Assault         Tloc           100%       N/A       1%          5
 Yara's Violent Unravell  Hex/Tmut       63%        3d24      1%          5
 Conjure Ball Lightning   Conj/Air       73%        3x3d27    1%          6
 Death Channel            Necr           94%        N/A       1%          6
 Eringya's Noxious Bog    Tmut/Pois      72%        N/A       1%          6
 Simulacrum               Ice/Necr       77%        N/A       1%          6
 Starburst                Conj/Fire      92%        6d23      1%          6
 Haunt                    Necr/Summ      79%        N/A       1%          7
 Orb of Destruction       Conj           89%        9d19      1%          7
 Dragon Form              Tmut           75%        N/A       2%          7
 Summon Ice Beast         Ice/Summ       94%        N/A       3%          4
 Summon Lightning Spire   Summ/Air       94%        N/A       3%          4
 Summon Forest            Summ/Tloc      55%        N/A       3%          5
 Cause Fear               Hex            44%        N/A       4%          4
 Summon Mana Viper        Hex/Summ       94%        N/A       8%          5
 Dispersal                Tloc           60%        N/A       8%          6
 Metabolic Englaciation   Hex/Ice        44%        N/A       10%         5
 Silence                  Hex/Air        44%        N/A       10%         5
 Storm Form               Tmut/Air       63%        N/A       24%         7
 Summon Cactus Giant      Summ           49%        N/A       28%         6
 Ozocubu's Refrigeration  Ice            44%        4d17      50%         7
 Malign Gateway           Summ/Tloc      55%        N/A       56%         7
 Monstrous Menagerie      Summ           49%        N/A       80%         7
 Summon Hydra             Summ           49%        N/A       80%         7
 Enfeeble                 Hex            44%        N/A       93%         7
 Borgnjor's Revivificati  Necr           94%        N/A       1%          8
 Ignition                 Fire           94%        3d24      1%          8
 Infestation              Necr           94%        N/A       1%          8
 Chain Lightning          Conj/Air       73%        3d98      58%         9
 Disjunction              Tloc           60%        N/A       93%         8
 Maxwell's Capacitive Co  Air            44%        ∞         98%         8
 Discord                  Hex            44%        N/A       100%        8
 Summon Horrible Things   Summ           49%        N/A       100%        8
 Dragon's Call            Summ           49%        N/A       100%        9
 Statue Form              Tmut/Erth      Unusable   N/A       N/A         6

Dungeon Overview and Level Annotations

Branches:
Dungeon (15/15)            Temple (1/1) D:5            Lair (5/5) D:8
  Swamp (4/4) Lair:3       Spider (4/4) Lair:2        Slime (5/5) Lair:5
    Orc (2/2) D:10            Elf (3/3) Orc:2        Vaults (5/5) D:13
  Crypt (3/3) Vaults:3       Tomb (3/3) Crypt:3      Depths (4/4) D:15
   Hell (visited)             Dis (7/7) Hell            Geh (7/7) Hell
    Coc (7/7) Hell            Tar (7/7) Hell            Zot (5/5) Depths:4
  Sewer (visited)         Volcano (visited)          WizLab (visited)
Desolation (visited)      Gauntlet (visited)

Altars:
Ashenzari
Cheibriados
Dithmenos
Elyvilon
Fedhas
Gozag
Hepliaklqana
Kikubaaqudgha
Makhleb
Nemelex Xobeh
Okawaru
Qazlal
Ru
Sif Muna
Trog
Uskayaw
Vehumet
Wu Jian
Xom
Yredelemnul
Zin
The Shining One
Jiyva

Shops:
D:10 =   Orc:2 (=?!   Elf:2 *   Elf:3 =   Vaults:1 [   Depths:3 (

Portals:
Hell: Depths:1 Depths:2 Depths:3 Depths:4
Abyss: Depths:1 Depths:3
Pandemonium: Depths:2

Annotations:
D:2 Natasha
D:5 1 runed translucent door, Crazy Yiuf
D:9 3 runed translucent doors, stringoo's ghost, journeyman OpFi
Lair:1 exclusion: oklob plant
Swamp:3 3 runed translucent doors, Charly's ghost, adept TrWr
Crypt:1 2 transporters, Roocroe's ghost, veteran MiGl
Zot:1 1 transporter
Zot:2 1 transporter


Innate Abilities, Weirdness & Mutations

You are immune to sickness and miasma.
Your stone body is resilient. (AC +20)
You are immune to poison.
Your large and strong wings let you fly.
You resist negative energy. (rN+)
You are resistant to electric shocks. (rElec)
You are resistant to unholy torment.
You are immune to petrification.
Your mind is acute. (Int +4, Str/Dex -1)
Armour fits poorly on your strangely shaped body.
You are strong-willed. (Will+)
Your spells are a little harder to cast, but a little more powerful.


Message History

Vehumet accepts your kill.
You feel your power returning.
Casting: Lehudib's Crystal Spear (mildly dangerous; 1% risk of failure)
Confirm with . or Enter, or press ? or * to list all spells.
You feel a surge of power!
The dungeon rumbles!
Ka-crash!
Unknown command.
A lorocyproca comes into view.
You see here 2 scrolls of fog.
c - 24 scrolls of fog (gained 2)
The lorocyproca gives a chilling moan.
Unknown command.
Casting: Shatter (mildly dangerous; 1% risk of failure)
Confirm with . or Enter, or press ? or * to list all spells.
Aiming: Lehudib's Crystal Spear (mildly dangerous; 1% risk of failure)
Press: ? - help, Shift-Dir - straight line, f - lorocyproca
Aim: a lorocyproca (slightly transparent, 83% to hit)
You feel a surge of power!
The crystal spear hits the lorocyproca!!!!
The lorocyproca is almost dead.
Unknown command.
Casting: Lehudib's Crystal Spear (mildly dangerous; 1% risk of failure)
Confirm with . or Enter, or press ? or * to list all spells.
Aiming: Lehudib's Crystal Spear (mildly dangerous; 1% risk of failure)
Press: ? - help, Shift-Dir - straight line, f/p - lorocyproca
Aim: a lorocyproca (almost dead, slightly transparent, 83% to hit)
You feel a surge of power!
The crystal spear hits the lorocyproca!!!!
You kill the lorocyproca!
Vehumet accepts your kill.
You feel your power returning.
A lorocyproca comes into view.
The lorocyproca moves out of view.
There is a stone staircase leading up here.
You fly upwards.
There is a stone staircase leading down here.
There is an open gate here.
There is a staircase leading out of the dungeon here.
Char dumped successfully.
You have escaped!

# #...# #...♣
####...# #...♣
..##.### #...♣
#.#..# ##...♣♣
#.#..# ##.....♣
#.#..######......♣♣
#.#......#8..8..8.♣
#...####.'........♣♣
##.## #.'......@..♣
#.# #.'........♣♣
#(# ###8..8..8.♣ #.#
##.......♣ ##.###
##......♣ .....#
##....♣♣ .....#
#....♣ .....# #...♣♣
.....# #..♣♣


There were no monsters in sight!

Vanquished Creatures
  Cerebov (Pan)
  Antaeus (Coc:7)
  Asmodeus (Geh:7)
  the Royal Jelly (Slime:5)
  Ereshkigal (Tar:7)
  Gloorx Vloq (Pan)
  A seraph (Pan)
  Mnoleg (Pan)
  the Serpent of Hell (Geh:7)
  Lom Lobon (Pan)
  9 dread liches
  Mara (Spider:3)
  Dispater (Dis:7)
  8 ancient liches
  7 orbs of fire (Zot:5)
  16 juggernauts
  Sojobo (Depths:1)
  46 royal mummies
  Bai Suzhen (Spider:4)
  Boris (4 times) (Depths:3 Crypt:2 Crypt:3 Tomb:1)
  Vv (Depths:3)
  Josephina (Depths:4)
  24 shard shrikes
  Xtahua (Depths:4)
  3 Killer Klowns (Zot:5)
  Frederick (Depths:3)
  3 curse toes
  Saint Roka (Vaults:3)
  33 caustic shrikes
  Geryon (Hell)
  Nikola (Spider:4)
  15 profane servitors
  Jory (Vaults:5)
  the Enchantress (Depths:3)
  41 bone dragons
  4 golden dragons
  26 doom hounds
  12 pandemonium lords
  2 pearl dragons (Pan)
  Arachne (Spider:2)
  A Hellbinder (WizLab)
  19 Brimstone Fiends
  4 electric golems
  32 Tzitzimimeh
  29 tentacled monstrosities
  35 Ice Fiends
  23 hellephants
  5 iron giants (Dis:7)
  A spectral shard shrike (Tar:4)
  Zenata (Elf:2)
  18 tainted leviathans
  Mlioglotl (Spider:3)
  20 Hell Sentinels
  Jorgrun (D:15)
  33 Orb Guardians
  Asterion (Vaults:2)
  13 searing wretches
  16 liches
  A walking earthen tome (Depths:2)
  2 walking frostbound tomes
  11 deep elf master archers
  A walking divine tome (Depths:2)
  8 deep elf blademasters
  14 titans
  15 quicksilver dragons
  5 tentacled starspawn
  7 death cobs
  13 sphinxes
  30 Executioners
  31 ancient champions
  52 acid blobs
  An eldritch tentacle (Pan)
  Gastronok (D:8)
  Frances (D:14)
  2 thorn hunters
  A storm dragon (shapeshifter) (Elf:2)
  Agnes (D:15)
  5 revenants
  8 draconian monks
  13 storm dragons
  9 draconian knights
  31 fire giants
  18 rockslimes
  11 shadow dragons
  8 nagarajas
  Donald (Spider:4)
  16 quicksilver elementals
  12 tengu reavers
  2 spectral juggernauts
  20 frost giants
  55 azure jellies
  A fenstrider witch (Swamp:3)
  18 demonspawn warmongers
  17 daevas (Pan)
  13 deep elf sorcerers
  9 draconian scorchers
  44 balrugs
  8 iron dragons
  8 emperor scorpions
  3 deep elf elementalists (Elf:3)
  32 narguns
  2 spectral caustic shrikes
  22 vault wardens
  14 orc warlords
  2 caustic shrike zombies
  14 demonspawn blood saints
  6 shard shrike simulacra
  44 cacodemons
  2 draconian stormcallers
  18 ghost moths
  28 war gargoyles
  8 draconian shifters
  21 ironbound preservers
  18 demonspawn corrupters
  10 ghouls
  A caustic shrike skeleton (Crypt:2)
  12 ironbound thunderhulks
  7 curse skulls
  13 draconian annihilators
  3 spriggan defenders (Depths:3)
  32 quicksilver oozes
  20 stone giants
  24 angels
  A broodmother (Spider:4)
  34 very ugly things
  11 ophanim (Pan)
  35 reapers
  2 juggernaut skeletons (Zig:23)
  26 apis (Pan)
  14 bennus
  11 green draconians
  29 elemental wellsprings
  17 deep elf demonologists
  18 demonspawn black suns
  18 lorocyprocas
  5 vampire knights
  8 black draconians
  23 deep elf annihilators
  28 putrid mouths
  4 eleionomae
  3 spectral titans
  9 bunyips
  17 spark wasps
  Azrael (Elf:2)
  21 wendigos
  11 entropy weavers
  9 yellow draconians
  18 red draconians
  8 purple draconians
  A minotaur (Gauntlet)
  8 white draconians
  4 halazid warlocks (Desolation)
  18 iron golems
  The ghost of Leinaam the Severer, a journeyman MiBe of Trog (D:13)
  4 merfolk javelineers
  3 crystal guardians
  16 deep elf death magi
  3 dire elephants (Vaults:4)
  Snorg (D:14)
  3 ragged hierophants (Desolation)
  6 fire dragons
  18 blizzard demons
  6 eidola
  A quicksilver dragon zombie (Zig:17)
  20 deep elf high priests
  20 green deaths
  15 ettins
  13 yaktaur captains
  6 merfolk impalers (Zig:21)
  17 jiangshi
  A spectral iron giant (Tar:4)
  42 mummy priests
  A spectral golden dragon (Tar:3)
  A shambling mangrove (Swamp:2)
  31 vault guards
  5 spectral spriggans
  13 hell beasts
  17 great orbs of eyes
  5 ice dragons
  6 ogre magi
  15 hydras
  4 spriggan zombies
  6 boulder beetles
  7 spriggan air magi
  11 juggernaut simulacra
  8 rakshasas
  A fenstrider witch zombie (Hell)
  2 catoblepae (Lair:5)
  8 servants of whispers (Desolation)
  5 radroaches
  3 spriggan skeletons
  13 caustic shrike simulacra
  3 jorogumos
  8 two-headed ogres
  A naga warrior (Abyss:4)
  14 peacekeepers
  9 merfolk aquamancers
  2 salamander tyrants
  A spectral stone giant (Tar:2)
  An alligator snapping turtle (Zig:21)
  An anaconda (shapeshifter) (Abyss:2)
  10 stokers
  9 ironbound frosthearts
  A satyr (Abyss:4)
  8 deep troll shamans
  3 merfolk avatars
  10 centaur warriors
  Erica (D:8)
  51 dancing weapons
  2 death knights
  4 tengu warriors
  11 alligators
  12 vampire magi
  89 death scarabs
  4 spriggan berserkers
  8 deep troll earth magi
  47 hell hogs
  3 shock serpents (Pan)
  7 thrashing horrors
  13 orc high priests
  34 soul eaters
  5 spectral nagas
  9 spriggans
  68 sun demons
  An emperor scorpion zombie (Crypt:1)
  10 hell knights
  2 titan skeletons (Crypt:3)
  A spectral dire elephant (Tar:1)
  12 wretched stars
  9 crystal echidnas
  Amaemon (Lair:1)
  26 deep elf knights
  2 sun moths (Spider:3)
  10 pharaoh ants
  38 sixfirhies
  3 spectral anacondas (Tar:1)
  65 deep trolls
  15 cherubim
  12 quicksilver dragon simulacra
  12 iron trolls
  A golden dragon zombie (Zig:17)
  33 shadow wraiths
  40 skeletal warriors
  5 sea snakes
  2 spriggan druids
  2 death drakes
  15 flayed ghosts
  26 shadow demons
  16 orb spiders
  8 steelbarb worms
  24 starcursed masses
  3 swamp dragons
  Lodul (D:10)
  A spectral iron dragon (Tar:4)
  3 spectral hydras
  13 glowing orange brains
  6 goliath frogs
  11 harpies (Zig:21)
  2 anaconda zombies (Crypt:1)
  24 deep elf archers
  A shadow dragon zombie (Zig:14)
  4 anaconda skeletons
  Pikel (D:8)
  24 phantasmal warriors
  8 spriggan simulacra
  9 bog bodies
  3 orange crystal statues (Zig:15)
  2 bunyip skeletons
  50 deep elf pyromancers
  8 necromancers
  3 lindwurms (Vaults:3)
  21 wizards
  12 orc knights
  12 orc sorcerers
  34 ironbound convokers
  A lindwurm (shapeshifter) (Depths:2)
  An iron giant skeleton (Crypt:1)
  5 oklob plants
  35 deep elf zephyrmancers
  A stone giant zombie (Tomb:3)
  17 shining eyes
  A mana viper (shapeshifter) (Vaults:5)
  6 tengu skeletons
  A frost giant zombie (D:15)
  26 wolf spiders
  26 ugly things
  2 iron dragon zombies
  8 salamanders
  4 will-o-the-wisps
  9 manticores
  A fire giant zombie (D:15)
  6 worldbinders
  41 moths of wrath
  2 moths of wrath (shapeshifter)
  9 cyclopes
  4 sphinx skeletons
  A frost giant skeleton (Vaults:3)
  3 black mambas
  A jorogumo skeleton (Crypt:1)
  2 shadow dragon skeletons
  18 elephants
  2 iron dragon skeletons
  A shock serpent zombie (Crypt:1)
  5 merfolk sirens (Zig:21)
  19 vault sentinels
  2 spectral centaurs (Tar:1)
  A toenail golem (Zot:5)
  16 eyes of devastation
  4 ice statues
  8 molten gargoyles
  7 centaur zombies (D:11)
  A stone giant skeleton (Vaults:3)
  2 apocalypse crabs (Abyss:4)
  9 rust devils
  12 guardian serpents
  4 naga magi (Zig:22)
  A guardian serpent (shapeshifter) (Vaults:5)
  7 water nymphs (Zig:21)
  12 cane toads
  9 torpor snails
  75 smoke demons
  3 storm dragon simulacra
  9 gargoyles
  6 swamp worm zombies (Swamp:4)
  39 hellions
  A minotaur zombie (Gauntlet)
  4 titan simulacra
  3 centaur skeletons
  Psyche (D:8)
  50 orange demons
  A yaktaur zombie (Vaults:5)
  An orc skeleton (Crypt:1)
  10 rime drakes
  5 efreet
  6 komodo dragons
  Maggie (D:7)
  7 kobold demonologists
  8 ice devils
  22 demonic crawlers
  31 yaktaurs
  42 tormentors
  19 freezing wraiths
  14 hellwings
  2 bunyip simulacra (Coc:1)
  4 anaconda simulacra
  An iron troll zombie (Dis:2)
  2 silent spectres
  6 tengu conjurers
  A wind drake (Zig:21)
  A yaktaur skeleton (Vaults:3)
  12 ancient zymes
  A grey draconian skeleton (Crypt:2)
  21 merfolk (Zig:21)
  16 red devils
  82 guardian mummies
  2 harpy zombies
  An iron giant simulacrum (Coc:5)
  A tengu simulacrum (Depths:4)
  15 hornets
  8 trolls
  A tarantella (shapeshifter) (D:15)
  4 meliai
  6 spectral harpies
  A polar bear (Lair:5)
  7 bloated husks
  4 hydra zombies (Swamp:4)
  71 saltlings (Desolation)
  34 tarantellas
  27 blink frogs
  2 shadow dragon simulacra (Depths:4)
  10 tyrant leeches
  2 dream sheep (shapeshifter)
  4 snapping turtles
  16 raiju
  3 meliai zombies (D:11)
  5 dream sheep (Lair:5)
  2 ettin zombies
  4 spectral swamp dragons (Swamp:4)
  2 alligator zombies (Swamp:4)
  71 large abominations
  173 slime creatures
  3 harpy skeletons
  2 iron dragon simulacra
  2 stone giant simulacra
  27 jumping spiders
  35 flying skulls
  4 vampires
  22 culicivoras
  18 water elementals
  3 dire elephant simulacra
  53 yaks
  A yak (shapeshifter) (Depths:2)
  9 shadows
  22 ynoxinuls
  4 air elementals
  A hog (shapeshifter) (Zig:25)
  24 ushabtiu
  4 ettin skeletons
  A fire bat (shapeshifter) (Zig:8)
  3 naga simulacra
  6 fire bats
  A redback (shapeshifter) (Elf:2)
  8 wyverns
  An alligator snapping turtle simulacrum (Coc:2)
  13 wraiths
  A black mamba skeleton (Crypt:1)
  30 neqoxecs
  A basilisk (shapeshifter) (Zig:8)
  7 fire elementals
  4 vampire mosquitoes (Swamp:1)
  5 basilisks
  25 chaos spawn
  40 golden eyes
  65 redbacks
  2 nagas (Abyss:4)
  5 steam dragons
  8 wargs
  3 acid dragons
  2 glowing shapeshifter zombies
  Edmund (D:5)
  11 harpy simulacra
  17 small abominations
  20 swamp worms
  A hydra simulacrum (Coc:3)
  10 hell hounds
  14 water moccasins
  12 floating eyes
  2 swamp drakes
  3 ice beasts
  A black bear (D:7)
  3 glowing shapeshifter skeletons
  A sky beast (D:7)
  38 ogres
  3 swamp dragon zombies (Swamp:4)
  4 ettin simulacra
  52 orc warriors
  23 wolves
  7 boggarts
  A manticore skeleton (Crypt:1)
  21 centaurs
  5 phantoms (Swamp:4)
  2 lemures
  14 kobold brigands
  A gnoll sergeant (D:8)
  9 bullfrogs
  6 necrophages
  4 earth elementals
  7 human skeletons
  4 scorpions
  A glowing shapeshifter simulacrum (Vaults:5)
  A draconian skeleton (Crypt:1)
  5 wights
  2 tengu zombies
  6 killer bees
  2 electric eels
  9 howler monkeys
  A polar bear skeleton (Crypt:1)
  A wolf skeleton (Crypt:2)
  2 quasits
  14 orc priests
  6 hounds
  4 jellies
  2 gnoll boudas
  An iron imp (Abyss:3)
  5 boggart zombies (D:11)
  4 iguanas
  24 orc wizards
  A spectral swamp drake (Swamp:4)
  4 lightning spires (Zig:24)
  A howler monkey zombie (D:11)
  105 mummies
  11 gnolls
  2 swamp drake zombies (Swamp:4)
  10 adders
  2 river rats
  5 shadow imps
  4 white imps
  2 ufetubi
  A jelly zombie (Crypt:2)
  5 worms
  A dart slug (D:1)
  73 orcs
  7 endoplasms
  2 giant cockroaches
  6 hobgoblins
  5 jackals
  7 quokkas
  7 ball pythons
  9 bats
  6 frilled lizards
  4 goblins
  38 kobolds
  A kobold skeleton (Crypt:1)
  9 rats
  A rat zombie (Crypt:1)
  A spectral hobgoblin (D:15)
  A ball lightning (Zig:4)
  6 bushes (D:9)
  4 creeping infernos
  21 fire vortices
  A lurking horror (Abyss:4)
  7 starspawn tentacles
5834 creatures vanquished.

Vanquished Creatures (collateral kills)
  An ancient lich (Zot:5)
  2 orbs of fire (Zot:5)
  Tiamat (Zot:2)
  3 royal mummies
  A curse toe (Zot:2)
  2 tentacled monstrosities
  An Ice Fiend (Coc:7)
  An Orb Guardian (Zot:5)
  An ancient champion (Crypt:2)
  2 balrugs
  2 black draconians (Zot:2)
  A red draconian (Zot:3)
  A green draconian (Zot:3)
  An eidolon (Crypt:2)
  2 mummy priests
  2 ragged hierophants (Desolation)
  A servant of whispers (Desolation)
  A hell beast (WizLab)
  A caustic shrike simulacrum (Coc:7)
  4 death scarabs
  A sun demon (WizLab)
  A skeletal warrior (Tomb:1)
  A golden dragon zombie (Crypt:2)
  An ironbound convoker (Desolation)
  A harpy (Lair:5)
  A demonic crawler (Pan)
  An orange demon (WizLab)
  A komodo dragon (Lair:5)
  An anaconda simulacrum (Coc:7)
  A guardian mummy (Tomb:1)
  A red devil (WizLab)
  A pale draconian skeleton (Crypt:2)
  A saltling (Desolation)
  An ushabti (Tomb:1)
  8 mummies
53 creatures vanquished.

Vanquished Creatures (others)
  A pandemonium lord (Zig:4)
  A deep elf demonologist (Zig:25)
  A caustic shrike simulacrum (Coc:7)
  A deep troll (Depths:2)
  A smoke demon (Abyss:4)
  A hellion (Geh:7)
  2 bloated husks (Swamp:4)
  An ettin simulacrum (Coc:7)
  An orc wizard (D:7)
  An ufetubus (Abyss:2)
  5 ball lightnings (Zig:4)
  2 bushes (D:8)
  A demonic plant (Gauntlet)
  187 fire vortices
  12 foxfires
  46 fungi
  114 plants
  17 starspawn tentacles
  55 withered plants
450 creatures vanquished.

Grand Total: 6337 creatures vanquished

Notes
Turn   | Place    | Note
-------+----------+-------------------------------------------
     0 | D:1      | sobakacece the Gargoyle Earth Elementalist began the quest
                  | for the Orb.
     0 | D:1      | Reached XP level 1. HP: 10/10 MP: 3/3
   151 | D:1      | Got the Grimoire of the Generative Tempest
   596 | D:1      | Reached XP level 2. HP: 15/15 MP: 3/5
  1190 | D:2      | Reached XP level 3. HP: 19/19 MP: 5/7
  1572 | D:2      | Found a faded altar of an unknown god.
  1763 | D:2      | Noticed Natasha
  2337 | D:3      | Reached XP level 4. HP: 24/24 MP: 6/9
  3338 | D:4      | Reached XP level 5. HP: 28/28 MP: 9/12
  3407 | D:4      | Identified the +5 dagger of the Holding Visionary {spect,
                  | rElec rN+}
  3651 | D:4      | Reached skill level 5 in Spellcasting
  3786 | D:4      | Found a bloodstained altar of Trog.
  3786 | D:4      | Found a snail-covered altar of Cheibriados.
  3801 | D:4      | Reached XP level 6. HP: 14/32 MP: 2/14
  3979 | D:4      | Found a burning altar of Makhleb.
  3983 | D:4      | Found a hazy altar of Hepliaklqana.
  3983 | D:4      | You fall into a shaft and drop 2 floors!
  3999 | D:6      | Noticed an ice beast
  4101 | D:6      | Learned a level 3 spell: Stone Arrow
  4107 | D:6      | Learned a level 2 spell: Passwall
  4254 | D:6      | Reached skill level 5 in Earth Magic
  4268 | D:6      | Found a glowing drain.
  4275 | Sewer    | Entered a sewer
  4748 | Sewer    | Reached XP level 7. HP: 36/36 MP: 10/15
  5497 | D:6      | Reached skill level 1 in Conjurations
  5497 | D:6      | Reached XP level 8. HP: 41/41 MP: 7/17
  6046 | D:5      | Entered Level 5 of the Dungeon
  6381 | D:5      | Found a staircase to the Ecumenical Temple.
  6429 | Temple   | Entered the Ecumenical Temple
  6784 | D:5      | Found a radiant altar of Vehumet.
  6790 | D:5      | Became a worshipper of Vehumet
  6868 | D:5      | Noticed Edmund
  6872 | D:5      | Killed Edmund
  6873 | D:5      | Reached skill level 1 in Armour
  7060 | D:5      | Found a shadowy altar of Dithmenos.
  7143 | D:5      | Found a runed translucent door.
  7144 | D:5      | Noticed Crazy Yiuf
  7573 | D:4      | Found a stormy altar of Qazlal.
  7573 | D:4      | Found a broken altar of Ashenzari.
  7929 | D:7      | Found a sparkling altar of Nemelex Xobeh.
  8065 | D:7      | Found a shimmering blue altar of Sif Muna.
  8115 | D:7      | Gained mutation: You are agile. (Dex +4, Str/Int -1)
                  | [potion of mutation]
  8115 | D:7      | Gained mutation: You have a pair of small horns on your
                  | head. [potion of mutation]
  8127 | D:7      | Reached XP level 9. HP: 31/46 MP: 14/18
  8280 | D:7      | Reached skill level 10 in Earth Magic
  8359 | D:7      | Noticed a hornet
  8440 | D:6      | Reached skill level 5 in Conjurations
  8644 | D:7      | Killed a hornet
  8725 | D:7      | Reached skill level 1 in Fighting
  8856 | D:7      | Reached * piety under Vehumet
  8856 | D:7      | Offered knowledge of Shock by Vehumet.
  9181 | D:7      | Noticed Maggie
  9325 | D:7      | Killed Maggie
  9326 | D:7      | Reached skill level 5 in Armour
  9630 | D:7      | Reached XP level 10. HP: 56/56 MP: 19/19
  9834 | D:8      | Reached skill level 5 in Fighting
 10049 | D:8      | Learned a level 4 spell: Petrify
 10086 | D:8      | Noticed Psyche
 10233 | D:8      | Offered knowledge of Foxfire by Vehumet.
 10234 | D:8      | Reached ** piety under Vehumet
 10594 | D:8      | Noticed Erica
 10878 | D:8      | Noticed Pikel
 11056 | D:8      | Noticed Gastronok
 11069 | D:8      | Killed Gastronok
 11070 | D:8      | Reached skill level 10 in Fighting
 11070 | D:8      | Reached skill level 1 in Long Blades
 11070 | D:8      | Reached XP level 11. HP: 50/72 MP: 7/20
 11137 | D:8      | Killed Psyche
 11140 | D:8      | Killed Pikel
 11263 | D:8      | Found a staircase to the Lair.
 11537 | D:8      | Killed Erica
 11636 | D:9      | Offered knowledge of Conjure Flame by Vehumet.
 11731 | D:9      | Found a runed translucent gate.
 11731 | D:9      | Found a runed translucent gate.
 11731 | D:9      | Found a runed translucent gate.
 11736 | D:9      | Noticed stringoo's ghost (journeyman OpFi)
 11815 | D:9      | Learned a level 5 spell: Lee's Rapid Deconstruction
 11873 | D:9      | Noticed a sixfirhy
 12378 | D:9      | Found a hide-covered altar of Uskayaw.
 12432 | D:9      | Found a white marble altar of Elyvilon.
 12576 | D:10     | Entered Level 10 of the Dungeon
 12650 | Lair:1   | Entered Level 1 of the Lair of Beasts
 12700 | Lair:1   | Noticed a four-headed hydra
 12705 | D:8      | Reached *** piety under Vehumet
 12883 | Lair:1   | Killed a four-headed hydra
 12884 | Lair:1   | Reached skill level 5 in Long Blades
 12950 | Lair:1   | Noticed an oklob plant
 13091 | Lair:1   | Reached XP level 12. HP: 77/77 MP: 17/21
 13165 | Lair:1   | Reached skill level 10 in Conjurations
 13193 | Lair:2   | Noticed a seven-headed hydra
 13206 | Lair:2   | Killed a seven-headed hydra
 13236 | Lair:2   | Reached skill level 5 in Dodging
 13236 | Lair:2   | Offered knowledge of Inner Flame by Vehumet.
 13840 | Lair:2   | Found a hole to the Spider Nest.
 14063 | Lair:1   | Noticed Amaemon
 14070 | Lair:1   | Killed Amaemon
 14072 | Lair:1   | Reached **** piety under Vehumet
 14207 | Lair:1   | Offered knowledge of Olgreb's Toxic Radiance by Vehumet.
 14256 | Lair:2   | Learned a level 4 spell: Olgreb's Toxic Radiance
 14307 | Lair:1   | Reached skill level 1 in Poison Magic
 15334 | Lair:3   | Reached XP level 13. HP: 76/82 MP: 26/26
 15741 | Lair:3   | Reached skill level 10 in Spellcasting
 16136 | Lair:3   | Found a staircase to the Swamp.
 16648 | Lair:4   | Found a dark tunnel.
 16656 | Volcano  | Entered a volcano
 16664 | Volcano  | Reached skill level 5 in Poison Magic
 16930 | Volcano  | Reached ***** piety under Vehumet
 17104 | Volcano  | Offered knowledge of Hailstorm by Vehumet.
 17289 | Volcano  | Noticed an orb of fire
 17471 | Volcano  | Noticed an orb of fire
 17899 | Lair:4   | Gained mutation: Your large and strong wings let you fly.
                  | [Gargoyle growth]
 17899 | Lair:4   | Reached XP level 14. HP: 82/88 MP: 11/29
 17903 | Lair:4   | Reached skill level 1 in Polearms
 18191 | Lair:4   | You are sucked into a shaft and drop 1 floor!
 18191 | Lair:5   | Entered Level 5 of the Lair of Beasts
 19281 | Lair:5   | Found a staircase to the Slime Pits.
 19286 | Lair:5   | Reached skill level 5 in Polearms
 19645 | Lair:5   | Identified the +9 rapier of Innocence {vorpal, rElec rPois
                  | Will+ Int+6}
 19656 | Lair:5   | Identified the +3 leather armour "Ziulysub" {MP+9}
 20503 | D:10     | Found a staircase to the Orcish Mines.
 20505 | D:10     | Offered knowledge of Conjure Ball Lightning by Vehumet.
 20771 | D:10     | Found Lurphu's Jewellery Shop.
 20894 | D:10     | Reached skill level 15 in Earth Magic
 21045 | D:10     | Reached XP level 15. HP: 92/92 MP: 31/31
 21076 | D:10     | Noticed Lodul
 21079 | D:10     | Killed Lodul
 21832 | Orc:1    | Entered Level 1 of the Orcish Mines
 21908 | Orc:1    | Found a burning altar of Makhleb.
 22241 | Orc:1    | Offered knowledge of Lightning Bolt by Vehumet.
 22358 | Orc:2    | Entered Level 2 of the Orcish Mines
 22420 | Orc:2    | Reached skill level 1 in Short Blades
 22513 | Orc:2    | Noticed an orc warlord
 22541 | Orc:2    | Killed an orc warlord
 22649 | Orc:2    | Found a staircase to the Elven Halls.
 22826 | Orc:2    | Found Beonat's Weapon Shoppe.
 23034 | Orc:2    | Found Liuqust's Magic Scroll Shop.
 23041 | Orc:2    | Bought a scroll of identify for 20 gold pieces
 23041 | Orc:2    | Bought a scroll of fog for 40 gold pieces
 23041 | Orc:2    | Bought a scroll of identify for 20 gold pieces
 23041 | Orc:2    | Bought a scroll of teleportation for 30 gold pieces
 23041 | Orc:2    | Bought a scroll of identify for 20 gold pieces
 23041 | Orc:2    | Bought a scroll of magic mapping for 75 gold pieces
 23044 | Orc:2    | Found Rinkow's Distillery.
 23047 | Orc:2    | Found Cusuefen's Jewellery Shoppe.
 23599 | Orc:2    | Bought the ring of Brilliance {rC+ Will+ rCorr Int+4 SInv}
                  | for 686 gold pieces
 23866 | D:11     | Reached skill level 1 in Shields
 23946 | D:11     | Reached skill level 1 in Evocations
 24834 | D:11     | Found the +3 hat of Pondering {ponderous, Will+ MP+10
                  | Int+5}
 25315 | D:11     | Reached ****** piety under Vehumet
 25599 | D:12     | Identified a scroll of acquirement
 25599 | D:12     | Acquired a +2 pair of gloves of dexterity
 26483 | D:10     | Bought the ring "Qiwenuow" {rF- Will+ MP+9 Int+6 Stlth+}
                  | for 696 gold pieces
 26864 | D:13     | Offered knowledge of Iron Shot by Vehumet.
 26883 | D:13     | Learned a level 6 spell: Iron Shot
 26929 | D:13     | Found a gate to the Vaults.
 27016 | D:13     | Reached XP level 16. HP: 99/99 MP: 32/32
 27028 | D:13     | Reached skill level 5 in Shields
 27221 | D:13     | Found a radiant altar of Vehumet.
 27518 | D:13     | Reached skill level 5 in Short Blades
 27548 | D:13     | Found the +7 sceptre of Torment {pain, torment}
 27786 | D:13     | Found a large runed translucent door.
 27786 | D:13     | Found a large runed translucent door.
 27790 | D:13     | Noticed Leinaam's ghost (journeyman MiBe)
 28088 | D:13     | Killed Leinaam's ghost
 28678 | D:14     | Noticed Frances
 28684 | D:14     | Killed Frances
 28898 | D:14     | Noticed Snorg
 28902 | D:14     | Killed Snorg
 29178 | D:15     | Entered Level 15 of the Dungeon
 29283 | D:15     | Found a gate leading to a gauntlet.
 29289 | Gauntlet | Entered a Gauntlet
 29289 | Gauntlet | Found a transporter.
 29302 | Gauntlet | Found a transporter.
 29306 | Gauntlet | Found a transporter.
 29310 | Gauntlet | Found a transporter.
 29314 | Gauntlet | Found a transporter.
 29321 | Gauntlet | Found a runed translucent gate.
 29323 | Gauntlet | Found a runed translucent gate.
 29323 | Gauntlet | Found a transporter.
 29325 | Gauntlet | Found a runed translucent gate.
 29327 | Gauntlet | Found a transporter.
 29335 | Gauntlet | Found a transporter.
 29339 | Gauntlet | Found a transporter.
 29350 | Gauntlet | Found a transporter.
 29377 | Gauntlet | Found a transporter.
 29389 | Gauntlet | Found a transporter.
 29402 | Gauntlet | Found a transporter.
 29415 | Gauntlet | Found a transporter.
 29511 | Gauntlet | Identified the ring of Impatience {*Corrode rPois Dex+4
                  | Slay+2}
 29856 | D:15     | Noticed Agnes
 29860 | D:15     | Killed Agnes
 29946 | D:15     | Noticed Jorgrun
 30219 | Swamp:1  | Entered Level 1 of the Swamp
 30638 | Swamp:1  | Offered knowledge of Ozocubu's Refrigeration by Vehumet.
 30822 | Swamp:1  | Reached skill level 5 in Evocations
 31819 | Swamp:2  | Reached XP level 17. HP: 104/104 MP: 33/33
 31875 | Swamp:2  | Identified the +7 dagger "Bibaont" {venom, rCorr Dex+2}
 32336 | Swamp:3  | Noticed Charly's ghost (adept TrWr)
 32343 | Swamp:3  | Found a runed translucent gate.
 32343 | Swamp:3  | Found a runed translucent gate.
 32343 | Swamp:3  | Found a runed translucent gate.
 33138 | Swamp:4  | Entered Level 4 of the Swamp
 33139 | Swamp:4  | Offered knowledge of Eringya's Noxious Bog by Vehumet.
 33145 | Swamp:4  | Reached skill level 10 in Shields
 33216 | Swamp:4  | Reached skill level 1 in Transmutations
 34458 | Swamp:4  | Identified the +2 flail of Cocytus {vorpal, rN+ Stlth+}
 35515 | Swamp:4  | Noticed a bone dragon
 35521 | Swamp:4  | Killed a bone dragon
 35587 | Swamp:4  | Got a decaying rune of Zot
 35952 | Spider:1 | Entered Level 1 of the Spider Nest
 35953 | Spider:1 | Offered knowledge of Spellforged Servitor by Vehumet.
 36658 | Spider:1 | Reached XP level 18. HP: 112/112 MP: 26/34
 37923 | Spider:2 | Reached skill level 1 in Summonings
 37991 | Spider:2 | Noticed Arachne
 37996 | Spider:2 | Killed Arachne
 38285 | Spider:2 | Offered knowledge of Lehudib's Crystal Spear by Vehumet.
 38285 | Spider:2 | Offered knowledge of Polar Vortex by Vehumet.
 38285 | Spider:2 | Offered knowledge of Ignition by Vehumet.
 38598 | Spider:2 | Learned a level 8 spell: Lehudib's Crystal Spear
 39325 | Spider:2 | Reached skill level 15 in Conjurations
 40336 | Spider:3 | Noticed Mlioglotl
 40340 | Spider:3 | Killed Mlioglotl
 40489 | Spider:3 | Noticed Mara
 40493 | Spider:3 | Killed Mara
 40731 | Spider:4 | Entered Level 4 of the Spider Nest
 40759 | Spider:4 | Noticed Bai Suzhen
 41492 | Spider:4 | Identified the +0 kite shield of Pelir {rPois}
 41492 | Spider:4 | Noticed Donald
 41519 | Spider:4 | Killed Donald
 41753 | Spider:4 | Reached XP level 19. HP: 118/118 MP: 35/35
 41890 | Spider:4 | Noticed Nikola
 42163 | Spider:4 | Killed Nikola
 42414 | Spider:4 | Got a gossamer rune of Zot
 42462 | Spider:4 | Killed Bai Suzhen
 42463 | Spider:4 | Reached skill level 5 in Transmutations
 42918 | Spider:4 | Acquired 1027 gold pieces
 42925 | Spider:4 | Acquired the +2 pair of gloves "Usubolupp" {Will+ MP+9}
 42939 | Spider:4 | Acquired a staff of earth
 43317 | D:15     | Killed Jorgrun
 43466 | D:15     | Found a staircase to the Depths.
 44152 | D:15     | Found a hazy altar of Hepliaklqana.
 44421 | Vaults:1 | Entered Level 1 of the Vaults
 44463 | Vaults:1 | Found a crumbling gateway.
 44468 | Desolati | Entered the Desolation of Salt
 44583 | Desolati | Identified the +0 cloak of Kybrun {rF+ Dex+3}
 44585 | Desolati | Identified the +6 falchion of Komong {vorpal, Dex+3 SInv}
 44781 | Desolati | Identified the +0 helmet of the Salmon {rPois Int+2 Stlth+}
 44786 | Desolati | Got the Omnibus of Virulent Conflict
 45542 | Desolati | Reached skill level 15 in Fighting
 45670 | Desolati | Identified the +6 short sword "Concordance" {spect, Str-4
                  | Int+8 Dex+4}
 45676 | Desolati | Identified the ring of the Spinneret {Fire Drain rPois
                  | Int+5}
 45693 | Desolati | Reached skill level 10 in Evocations
 45844 | Desolati | Reached skill level 1 in Staves
 45940 | Desolati | Got the Parchment of Ashen Production
 46357 | Desolati | Reached XP level 20. HP: 126/129 MP: 30/36
 46617 | Desolati | Got the Directory of the Storm
 47406 | Vaults:1 | Found Fihoel's Antique Armour Boutique.
 48495 | Vaults:2 | You are sucked into a shaft and drop 1 floor!
 49080 | Vaults:3 | Learned a level 9 spell: Shatter
 49690 | Vaults:3 | Noticed Saint Roka
 49699 | Vaults:3 | Killed Saint Roka
 50575 | Vaults:3 | Reached XP level 21. HP: 134/134 MP: 39/39
 50640 | Vaults:3 | Found a staircase to the Crypt.
 50894 | Vaults:3 | Reached skill level 15 in Spellcasting
 51622 | Vaults:2 | Noticed Asterion
 51627 | Vaults:2 | Killed Asterion
 53585 | Vaults:4 | Reached XP level 22. HP: 140/140 MP: 41/41
 53664 | Vaults:4 | Identified the +1 hat of Akeac {Dex+3}
 54381 | Vaults:5 | Entered Level 5 of the Vaults
 54443 | Vaults:5 | Noticed a dread lich
 54445 | Vaults:5 | Killed a dread lich
 54594 | Vaults:5 | Reached skill level 5 in Stealth
 54597 | Vaults:5 | Reached skill level 10 in Dodging
 54603 | Vaults:4 | Reached XP level 23. HP: 28/141 MP: 42/42
 54917 | Vaults:5 | Identified the +1 leather armour of Pantheism {Rampage
                  | Drain rElec}
 55141 | Vaults:5 | Found the +15 Maxwell's patent armour {-Cast -Tele rElec
                  | Will+ rCorr}
 55666 | Vaults:5 | Identified the ring "Tiuff" {rF+ AC+4 Stlth+}
 55684 | Vaults:5 | Identified the +8 dagger "Emoupin" {freeze, rC- rN++ Dex+4}
 55689 | Vaults:5 | Identified the +2 scale mail "Haoxt" {rPois rC+}
 55692 | Vaults:5 | Got a silver rune of Zot
 55695 | Vaults:5 | Identified the +0 short sword of the New World {vorpal,
                  | Str+4}
 55732 | Vaults:5 | Got the Verses on Lightning
 55743 | Vaults:5 | Identified the ring "Yjuangur" {Fly Str-3 Int+7 Slay-2
                  | SInv}
 55886 | Vaults:5 | Noticed Jory
 55890 | Vaults:5 | Killed Jory
 56029 | Vaults:5 | Got Sif Muna's Teachings on the Squall
 56657 | Orc:2    | Bought a scroll of immolation for 40 gold pieces
 56657 | Orc:2    | Bought a scroll of immolation for 40 gold pieces
 56661 | Orc:2    | Learned a level 3 spell: Ignite Poison
 56664 | Orc:2    | Learned a level 2 spell: Blink
 56669 | Orc:2    | Learned a level 4 spell: Leda's Liquefaction
 56887 | Depths:1 | Entered Level 1 of the Depths
 57187 | Depths:1 | Found a one-way gate to the infinite horrors of the Abyss.
 57221 | Depths:1 | You are sucked into a shaft and drop 1 floor!
 57229 | Depths:2 | Reached skill level 1 in Translocations
 57474 | Depths:2 | Found a one-way gate leading to the halls of Pandemonium.
 57682 | Depths:2 | Noticed a caustic shrike
 57695 | Depths:2 | Killed a caustic shrike
 58162 | Depths:2 | Reached skill level 5 in Translocations
 58168 | Depths:2 | Identified the +1 cloak of a Labyrinth {Str+5 Dex-5 SInv}
 58238 | Depths:2 | Found a portal to a secret trove of treasure.
 58385 | Depths:2 | Found a gateway to Hell.
 58654 | Depths:2 | Identified the +1 helmet of Zajaifre {Regen+}
 58989 | Depths:2 | Found a one-way gateway to a ziggurat.
 59206 | Depths:1 | Noticed Sojobo
 59213 | Depths:1 | Killed Sojobo
 59218 | Depths:1 | Reached XP level 24. HP: 104/150 MP: 37/42
 60088 | Depths:1 | Found an iron altar of Okawaru.
 60655 | Depths:3 | Noticed Vv
 60662 | Depths:3 | Killed Vv
 60765 | Depths:3 | Noticed Boris
 60769 | Depths:3 | Killed Boris
 60911 | Depths:3 | Noticed Frederick
 61570 | Depths:3 | Killed Frederick
 61571 | Depths:3 | Reached skill level 10 in Stealth
 61654 | Depths:3 | Found a glowing golden altar of the Shining One.
 61883 | Depths:3 | Noticed the Enchantress
 61885 | Depths:3 | Found a radiant altar of Vehumet.
 61892 | Depths:3 | Killed the Enchantress
 62375 | Depths:3 | Found Adelamob's Antique Weapon Emporium.
 62677 | Depths:4 | Entered Level 4 of the Depths
 63019 | Depths:4 | Found a broken altar of Ashenzari.
 63099 | Depths:4 | Reached skill level 10 in Short Blades
 63571 | Depths:4 | Identified the ring of Tupiukk {Ice rN+ Int+4}
 63571 | Depths:4 | Noticed Josephina
 63575 | Depths:4 | Killed Josephina
 63677 | Depths:4 | Noticed Xtahua
 63681 | Depths:4 | Killed Xtahua
 63795 | Depths:4 | Found a gate to the Realm of Zot.
 63958 | Depths:4 | Noticed a juggernaut
 63962 | Depths:4 | Killed a juggernaut
 64080 | Depths:4 | Reached XP level 25. HP: 145/155 MP: 10/42
 64962 | Slime:1  | Entered Level 1 of the Pits of Slime
 65177 | Slime:1  | Reached skill level 15 in Evocations
 66245 | Slime:3  | Reached skill level 10 in Armour
 67110 | Slime:3  | Gained mutation: Your body sometimes deteriorates upon
                  | taking damage. [a shining eye]
 67111 | Slime:3  | Gained mutation: You are frail. (-10% HP) [a shining eye]
 67990 | Slime:4  | Found a viscous altar of Jiyva.
 68514 | Slime:5  | Entered Level 5 of the Pits of Slime
 68955 | Slime:5  | Found a viscous altar of Jiyva.
 68963 | Slime:5  | Got a slimy rune of Zot
 68978 | Slime:5  | Noticed the Royal Jelly
 68989 | Slime:5  | Killed the Royal Jelly
 69255 | Slime:5  | Identified the +6 scale mail of the Final Mystics {+Blink
                  | rC- rCorr Int-2}
 69259 | Slime:5  | Found the +8 trishula "Condemnation" {holy, anguish, *Noise
                  | Fly rN+}
 69279 | Slime:5  | Identified the +3 scimitar "Xeink" {spect, Stlth+}
 70061 | Depths:1 | Voluntarily entered the Abyss.
 70081 | Abyss:1  | Found a corrupted altar of Lugonu.
 70158 | Abyss:2  | Found a corrupted altar of Lugonu.
 70730 | Abyss:3  | Noticed a dread lich
 71288 | Abyss:3  | Killed a dread lich
 71340 | Abyss:4  | Reached XP level 26. HP: 146/146 MP: 44/44
 71718 | Abyss:4  | Got an abyssal rune of Zot
 71741 | Abyss:4  | Gained mutation: Your magical capacity is low. (-10% MP) [a
                  | cacodemon]
 71897 | Depths:1 | Escaped the Abyss
 72095 | Elf:1    | Entered Level 1 of the Elven Halls
 72745 | Elf:1    | Reached skill level 1 in Necromancy
 73635 | Elf:2    | Found Pery's General Store.
 73699 | Elf:2    | Bought a throwing net for 48 gold pieces
 73699 | Elf:2    | Bought a potion of curing for 48 gold pieces
 73699 | Elf:2    | Bought a scroll of teleportation for 48 gold pieces
 73699 | Elf:2    | Bought a potion of haste for 160 gold pieces
 73792 | Elf:2    | Identified the +2 pair of gloves "Teom" {Str+2}
 73809 | Elf:2    | Found a runed translucent gate.
 73985 | Elf:2    | Found a runed translucent gate.
 73988 | Elf:2    | Found a runed translucent gate.
 74220 | Elf:2    | Noticed Zenata
 74239 | Elf:2    | Killed Zenata
 74278 | Elf:2    | Noticed Azrael
 74482 | Elf:2    | Killed Azrael
 74483 | Elf:2    | Reached XP level 27. HP: 130/154 MP: 40/40
 74768 | Elf:3    | Entered Level 3 of the Elven Halls
 74768 | Elf:3    | Found Quidu's Jewellery Shoppe.
 75640 | Elf:3    | Identified the +7 flail "Pendulum" {holy, rN+}
 75640 | Elf:3    | Identified the ring of Asaten {rN+++ Int+5 Dex-2 Slay+4}
 76029 | Elf:3    | Identified the ring "Gyizipn" {AC+4 Str+2 Int+4} (You took
                  | it off a deep elf sorcerer on level 3 of the Elven Halls)
 76086 | Elf:3    | Identified the +0 ring mail of the Barracuda {rPois}
 76120 | Elf:3    | Got the Catalogue of the Congregation and Imprecation
 76126 | Elf:3    | Identified the +1 chain mail of the Enchanted Forest {rN+++
                  | Will- rCorr}
 77382 | Orc:2    | Bought the ring of Incredulity {Fly rPois rF+ rC++ Dex-4}
                  | for 568 gold pieces
 77621 | Hell     | Entered the Vestibule of Hell
 77622 | Hell     | Noticed Geryon
 77639 | Hell     | Killed Geryon
 77647 | Hell     | Gained mutation: You sometimes lose your temper in combat.
                  | [a cacodemon]
 77856 | Hell     | Found a gateway to the freezing wastes of Cocytus.
 77999 | Hell     | Found a gateway to the Iron City of Dis.
 78036 | Hell     | Found a gateway to the ashen valley of Gehenna.
 78128 | Hell     | Found a gateway to the decaying netherworld of Tartarus.
 78332 | Zig:1    | Entered Level 1 of a ziggurat
 78373 | Zig:2    | Entered Level 2 of a ziggurat
 78467 | Zig:2    | Lost mutation: You are frail. (-10% HP) [potion of
                  | mutation]
 78467 | Zig:2    | Lost mutation: You sometimes lose your temper in combat.
                  | [potion of mutation]
 78467 | Zig:2    | Lost mutation: Your body sometimes deteriorates upon taking
                  | damage. [potion of mutation]
 78467 | Zig:2    | Lost mutation: You are agile. (Dex +4, Str/Int -1) [potion
                  | of mutation]
 78467 | Zig:2    | Gained mutation: Your mind is acute. (Int +4, Str/Dex -1)
                  | [potion of mutation]
 78467 | Zig:2    | Gained mutation: You have supernaturally acute eyesight.
                  | (SInv) [potion of mutation]
 78467 | Zig:2    | Gained mutation: Your flesh is heat resistant. (rF+)
                  | [potion of mutation]
 78483 | Zig:3    | Entered Level 3 of a ziggurat
 78676 | Zig:4    | Entered Level 4 of a ziggurat
 78679 | Zig:4    | Noticed Fyehyte the pandemonium lord
 78687 | Zig:4    | Killed Fyehyte the pandemonium lord
 78808 | Zig:5    | Entered Level 5 of a ziggurat
 78855 | Zig:6    | Entered Level 6 of a ziggurat
 78867 | Zig:6    | Gained mutation: Your body sometimes deteriorates upon
                  | taking damage. [a shining eye]
 78906 | Zig:7    | Entered Level 7 of a ziggurat
 78912 | Zig:7    | Found the +2 shield of Resistance {rF++ rC++ Will++}
 78913 | Zig:7    | Noticed a juggernaut
 78914 | Zig:7    | Noticed a juggernaut
 78915 | Zig:7    | Killed a juggernaut
 78916 | Zig:7    | Killed a juggernaut
 78956 | Zig:8    | Entered Level 8 of a ziggurat
 78968 | Zig:8    | Reached skill level 5 in Necromancy
 78995 | Zig:8    | Identified the amulet "Caebad" {Reflect rC++ Int-5 Dex+9
                  | SH+5}
 79028 | Zig:9    | Entered Level 9 of a ziggurat
 79047 | Zig:9    | Reached skill level 15 in Shields
 79132 | Zig:9    | Identified the ring "Fisuuh" {Wiz rF+ Dex-5 Stlth+}
 79138 | Zig:9    | Identified the ring "Douri" {Str+6 Int+2 SInv}
 79140 | Zig:9    | Identified the ring "Mofoah" {rF+ rC+ Will+ Slay+3 SInv}
 79143 | Zig:9    | Got Muedy's Spellbook of Inconstant Misery
 79182 | Zig:10   | Entered Level 10 of a ziggurat
 79186 | Zig:10   | Paralysed by a floating eye for 2 turns
 79196 | Zig:10   | Noticed a dread lich
 79197 | Zig:10   | Killed a dread lich
 79200 | Zig:10   | Noticed a dread lich
 79202 | Zig:10   | Killed a dread lich
 79223 | Zig:10   | Identified the ring "Xoseb" {rN+ MP+9}
 79224 | Zig:10   | Identified the ring "Zomnahag" {rElec rPois rF+ Str+3
                  | Dex+6}
 79225 | Zig:10   | Identified the +2 robe of Moc Pucs {Dex+4 Archmagi}
 79242 | Zig:10   | Identified the +1 pair of gloves of Demons {Harm Dex+2}
 79255 | Zig:11   | Entered Level 11 of a ziggurat
 79267 | Zig:11   | Noticed an ancient lich
 79270 | Zig:11   | Killed an ancient lich
 79298 | Zig:11   | Identified the ring "Geox" {rF+ SInv}
 79329 | Zig:11   | Reached skill level 15 in Stealth
 79331 | Zig:11   | Reached skill level 15 in Armour
 79349 | Zig:12   | Entered Level 12 of a ziggurat
 79363 | Zig:12   | Found the amulet of Vitality {RegenMP++ Regen++}
 79366 | Zig:12   | Noticed Mahamaym the pandemonium lord
 79381 | Zig:12   | Killed Mahamaym the pandemonium lord
 79584 | Zig:12   | Got the Monograph on the Algid Legion
 79594 | Zig:12   | Identified the +1 pair of gloves of Honesty {Str+2}
 79632 | Zig:13   | Entered Level 13 of a ziggurat
 79645 | Zig:13   | Reached skill level 10 in Necromancy
 79711 | Zig:13   | Found the +9 scales of the Dragon King {rPois rF+ rC+
                  | Will+}
 79738 | Zig:13   | Identified the +1 chain mail of the Vacuum {rPois Str+2}
 79773 | Zig:14   | Entered Level 14 of a ziggurat
 79791 | Zig:14   | Noticed a royal mummy
 79792 | Zig:14   | Noticed a royal mummy
 79794 | Zig:14   | Noticed a royal mummy
 79795 | Zig:14   | Noticed a royal mummy
 79796 | Zig:14   | Killed a royal mummy
 79796 | Zig:14   | Killed a royal mummy
 79796 | Zig:14   | Noticed a royal mummy
 79798 | Zig:14   | Killed a royal mummy
 79798 | Zig:14   | Killed a royal mummy
 79798 | Zig:14   | Killed a royal mummy
 79851 | Zig:14   | Paralysed by a floating eye for 2 turns
 79862 | Zig:14   | Identified the +6 great sword of Dust {vorpal, Int+2}
 79876 | Zig:14   | Identified the +8 trident "Uziaskoa" {vorpal, rN++ Will-}
 79882 | Zig:14   | Identified the +9 halberd of Disembowelment {vorpal, Will-
                  | Str+2 Int+3 Stlth+}
 79885 | Zig:14   | Identified the +1 ring mail of Crawling {+Inv MP-9 Dex+8}
 79931 | Zig:15   | Entered Level 15 of a ziggurat
 80044 | Zig:15   | Identified the +3 halberd of Otonagi {flame, Fragile Str+3}
 80051 | Zig:15   | Identified the +10 long sword "Kace" {flame, Int+4}
 80052 | Zig:15   | Identified the +7 battleaxe "Ysaboips" {spect, Dex+2}
 80057 | Zig:15   | Identified the +7 mace of Gaset {speed, Fragile rC+ Dex+6}
 80123 | Zig:16   | Entered Level 16 of a ziggurat
 80143 | Zig:16   | Noticed a juggernaut
 80145 | Zig:16   | Noticed a juggernaut
 80147 | Zig:16   | Killed a juggernaut
 80148 | Zig:16   | Killed a juggernaut
 80148 | Zig:16   | Noticed a juggernaut
 80148 | Zig:16   | Noticed a juggernaut
 80149 | Zig:16   | Noticed a juggernaut
 80150 | Zig:16   | Killed a juggernaut
 80151 | Zig:16   | Killed a juggernaut
 80152 | Zig:16   | Killed a juggernaut
 80203 | Zig:16   | Got the Directory of Idealism
 80207 | Zig:16   | Identified the +4 long sword "Wottauc" {spect, rC+}
 80213 | Zig:16   | Identified the +2 morningstar "Jafeo" {flame, rN+ Str+4
                  | Dex-3 SInv}
 80216 | Zig:16   | Identified the +6 giant spiked club "Zeqicekh" {flame,
                  | rPois Str+4 Int+4}
 80272 | Zig:17   | Entered Level 17 of a ziggurat
 80291 | Zig:17   | Noticed a royal mummy
 80292 | Zig:17   | Noticed a royal mummy
 80292 | Zig:17   | Noticed a royal mummy
 80293 | Zig:17   | Noticed a royal mummy
 80294 | Zig:17   | Killed a royal mummy
 80294 | Zig:17   | Killed a royal mummy
 80295 | Zig:17   | Reached skill level 15 in Necromancy
 80300 | Zig:17   | Killed a royal mummy
 80300 | Zig:17   | Killed a royal mummy
 80301 | Zig:17   | Noticed a royal mummy
 80304 | Zig:17   | Killed a royal mummy
 80443 | Zig:18   | Entered Level 18 of a ziggurat
 80466 | Zig:18   | Noticed a juggernaut
 80466 | Zig:18   | Noticed a juggernaut
 80466 | Zig:18   | Noticed a juggernaut
 80467 | Zig:18   | Noticed a juggernaut
 80468 | Zig:18   | Killed a juggernaut
 80468 | Zig:18   | Killed a juggernaut
 80468 | Zig:18   | Noticed a juggernaut
 80469 | Zig:18   | Killed a juggernaut
 80469 | Zig:18   | Killed a juggernaut
 80470 | Zig:18   | Killed a juggernaut
 80499 | Zig:18   | Identified the ring "Nessayn" {Fire rN+ Slay+2 SInv}
 80504 | Zig:18   | Identified the ring "Raisut" {Ice Int+3}
 80517 | Zig:18   | Identified the ring "Vuidghas" {AC+4 Dex+3}
 80575 | Zig:19   | Entered Level 19 of a ziggurat
 80618 | Zig:19   | Found the +3 greatsling "Punk" {acid, rCorr}
 80635 | Zig:19   | Identified the +9 glaive "Alihesin" {vamp, rF++ rC- Int+5}
 80639 | Zig:19   | Identified the +2 broad axe of Watchfulness {speed, SInv}
 80706 | Zig:20   | Entered Level 20 of a ziggurat
 80743 | Zig:20   | Noticed Bibaariuh the pandemonium lord
 80755 | Zig:20   | Killed Bibaariuh the pandemonium lord
 80872 | Zig:20   | Identified the +5 shortbow of the Final Knives {flame,
                  | Int+5}
 80874 | Zig:20   | Identified the ring "Yvipn" {Fly Str+6 Dex+2}
 80894 | Zig:21   | Entered Level 21 of a ziggurat
 81044 | Zig:21   | Identified the +3 scale mail of Riledob {rF+}
 81052 | Zig:21   | Got Cahau's Tome of the Violent Assassin
 81133 | Zig:22   | Entered Level 22 of a ziggurat
 81248 | Zig:22   | Found the +10 morningstar "Eos" {elec, Halo rElec}
 81254 | Zig:22   | Identified the +0 pair of gloves of Kitsymno {rN+ Str+2}
 81255 | Zig:22   | Identified the ring of Arhauruh {rElec rN+ Will+ rCorr
                  | Str+3}
 81277 | Zig:23   | Entered Level 23 of a ziggurat
 81301 | Zig:23   | Noticed a royal mummy
 81302 | Zig:23   | Noticed a royal mummy
 81303 | Zig:23   | Noticed a royal mummy
 81305 | Zig:23   | Killed a royal mummy
 81306 | Zig:23   | Killed a royal mummy
 81306 | Zig:23   | Killed a royal mummy
 81306 | Zig:23   | Noticed a royal mummy
 81309 | Zig:23   | Killed a royal mummy
 81309 | Zig:23   | Noticed a royal mummy
 81312 | Zig:23   | Killed a royal mummy
 81312 | Zig:23   | Noticed a royal mummy
 81312 | Zig:23   | Noticed a royal mummy
 81313 | Zig:23   | Noticed a royal mummy
 81313 | Zig:23   | Noticed a royal mummy
 81314 | Zig:23   | Noticed a royal mummy
 81315 | Zig:23   | Killed a royal mummy
 81315 | Zig:23   | Noticed a royal mummy
 81316 | Zig:23   | Killed a royal mummy
 81316 | Zig:23   | Killed a royal mummy
 81317 | Zig:23   | Killed a royal mummy
 81317 | Zig:23   | Killed a royal mummy
 81317 | Zig:23   | Noticed a royal mummy
 81319 | Zig:23   | Killed a royal mummy
 81320 | Zig:23   | Killed a royal mummy
 81351 | Zig:23   | Found the +1 robe of Vines {NoPotionHeal Regen++++}
 81368 | Zig:23   | Got the Guidebook on Blight
 81395 | Zig:24   | Entered Level 24 of a ziggurat
 81447 | Zig:24   | Noticed Dauskier the pandemonium lord
 81449 | Zig:24   | Killed Dauskier the pandemonium lord
 81593 | Zig:24   | Identified the amulet of the Solstice {Will++ Regen+ Str-2
                  | Slay+3}
 81597 | Zig:24   | Identified the ring "Diadexoi" {rPois rN+ Str-4 Int+5}
 81598 | Zig:24   | Identified the ring "Tothrec" {Wiz rElec Stlth+}
 81600 | Zig:24   | Got the Catalogue of Aerial Guile
 81696 | Zig:25   | Entered Level 25 of a ziggurat
 81868 | Zig:25   | Identified the +3 chain mail "Ycvialuj" {+Blink rElec
                  | Int+3}
 81884 | Zig:25   | Learned a level 9 spell: Death's Door
 81898 | Zig:25   | Identified the ring "Odaam" {rElec rC+++ Str+6 Int-2
                  | Stlth+}
 81911 | Zig:26   | Entered Level 26 of a ziggurat
 81941 | Zig:26   | Reached skill level 1 in Fire Magic
 81950 | Zig:26   | Reached skill level 5 in Fire Magic
 81951 | Zig:26   | Gained mutation: You are clumsy. (Dex -2) [a shining eye]
 81959 | Zig:26   | Gained mutation: Armour fits poorly on your strangely
                  | shaped body. [a shining eye]
 82109 | Zig:26   | Identified the +4 dagger of Impatience {drain, rPois Dex+2}
 82110 | Zig:26   | Identified the amulet "Edwye" {Regen+ Str+2}
 82116 | Zig:26   | Identified the +8 flail of Unreason {speed, rC++ Int+2
                  | Dex-4}
 82120 | Zig:26   | Identified the ring "Aprat" {Will+ rCorr Int+4}
 82122 | Zig:26   | Identified the +1 shortbow of Gohakyocewk {freeze, Fly rF++
                  | Int-4 Dex+3}
 82126 | Zig:26   | Got the Atlas of Creative Heat
 82127 | Zig:26   | Identified the +5 glaive "Pethron" {drain, rElec rPois
                  | Int+8 Dex-5}
 82133 | Zig:26   | Identified the +1 rapier "Waititoz" {flame, rC+ rCorr}
 82174 | Zig:27   | Entered Level 27 of a ziggurat
 82198 | Zig:27   | Gained mutation: Your spells are a little easier to cast,
                  | but a little less powerful. [a shining eye]
 82210 | Zig:27   | Reached skill level 10 in Fire Magic
 82352 | Zig:27   | Identified the +9 halberd "Xosch" {protect, rElec rF++
                  | Will- Stlth+}
 82361 | Zig:27   | Identified the +4 war axe "Dustriew" {vorpal, +Blink Str+2}
 82373 | Zig:27   | Got Budat's Directory of Shadowy Jinxing
 82378 | Zig:27   | Identified the +7 lajatang of Irifeh {pain, rCorr Str+3}
 82490 | Depths:2 | Lost mutation: Your flesh is heat resistant. (rF+) [potion
                  | of mutation]
 82490 | Depths:2 | Lost mutation: Your spells are a little easier to cast, but
                  | a little less powerful. [potion of mutation]
 82490 | Depths:2 | Lost mutation: Your magical capacity is low. (-10% MP)
                  | [potion of mutation]
 82490 | Depths:2 | Gained mutation: You have a pair of horns on your head.
                  | [potion of mutation]
 82490 | Depths:2 | Gained mutation: Your spells are a little harder to cast,
                  | but a little more powerful. [potion of mutation]
 82490 | Depths:2 | Gained mutation: You have sharp toenails. [potion of
                  | mutation]
 82491 | Depths:2 | Lost mutation: You have supernaturally acute eyesight.
                  | (SInv) [potion of mutation]
 82491 | Depths:2 | Lost mutation: You have sharp toenails. [potion of
                  | mutation]
 82491 | Depths:2 | Gained mutation: You do not regenerate when monsters are
                  | visible. [potion of mutation]
 82492 | Depths:2 | Lost mutation: You have a pair of horns on your head.
                  | [potion of mutation]
 82492 | Depths:2 | Lost mutation: You do not regenerate when monsters are
                  | visible. [potion of mutation]
 82492 | Depths:2 | Lost mutation: Your spells are a little harder to cast, but
                  | a little more powerful. [potion of mutation]
 82492 | Depths:2 | Gained mutation: Your body often deteriorates upon taking
                  | damage. [potion of mutation]
 82492 | Depths:2 | Lost mutation: You are clumsy. (Dex -2) [potion of
                  | mutation]
 82492 | Depths:2 | Gained mutation: A frigid envelope surrounds you and
                  | freezes all who hurt you. [potion of mutation]
 82493 | Depths:2 | Lost mutation: A frigid envelope surrounds you and freezes
                  | all who hurt you. [potion of mutation]
 82493 | Depths:2 | Lost mutation: Your mind is acute. (Int +4, Str/Dex -1)
                  | [potion of mutation]
 82493 | Depths:2 | Gained mutation: You have a pair of horns on your head.
                  | [potion of mutation]
 82493 | Depths:2 | Gained mutation: You are strong-willed. (Will+) [potion of
                  | mutation]
 82494 | Depths:2 | Lost mutation: You are strong-willed. (Will+) [potion of
                  | mutation]
 82494 | Depths:2 | Lost mutation: You have a pair of horns on your head.
                  | [potion of mutation]
 82494 | Depths:2 | Gained mutation: You have hidden genetic potential. [potion
                  | of mutation]
 82495 | Depths:2 | Lost mutation: Armour fits poorly on your strangely shaped
                  | body. [potion of mutation]
 82495 | Depths:2 | Lost mutation: Your body often deteriorates upon taking
                  | damage. [potion of mutation]
 82495 | Depths:2 | Lost mutation: Your body sometimes deteriorates upon taking
                  | damage. [potion of mutation]
 82495 | Depths:2 | Gained mutation: You have a beak for a mouth. [potion of
                  | mutation]
 82495 | Depths:2 | Gained mutation: You are covered in fur. (AC +1) [potion of
                  | mutation]
 82567 | Geh:1    | Entered Level 1 of Gehenna
 82958 | Geh:2    | Noticed an ancient lich
 82962 | Geh:2    | Killed an ancient lich
 84134 | Geh:6    | Reached skill level 27 in Earth Magic
 84306 | Geh:7    | Entered Level 7 of Gehenna
 84400 | Geh:7    | Reached skill level 15 in Dodging
 84771 | Geh:7    | Noticed the Serpent of Hell
 84883 | Geh:7    | Killed the Serpent of Hell
 85112 | Geh:7    | Gained mutation: Your flesh is cold resistant. (rC+)
                  | [hidden potential]
 85328 | Geh:7    | Found the +7 sceptre of Asmodeus
 85328 | Geh:7    | Noticed Asmodeus
 85328 | Geh:7    | Identified the +7 halberd "Beastbane" {flame, Will++ Int+5
                  | Dex-4}
 85348 | Geh:7    | Killed Asmodeus
 85493 | Geh:7    | Identified the +1 chain mail of the Ancient Souls {-Tele
                  | rC+ Dex+4}
 85502 | Geh:7    | Identified the +2 hand axe "Aplumeg" {speed, rN++ Dex-5}
 85525 | Geh:7    | Got an obsidian rune of Zot
 85827 | Dis:1    | Entered Level 1 of the Iron City of Dis
 86089 | Dis:2    | Noticed an ancient lich
 86090 | Dis:2    | Killed an ancient lich
 86599 | Dis:4    | Reached skill level 15 in Fire Magic
 86725 | Dis:5    | Gained mutation: You have great hidden genetic potential.
                  | [hidden potential]
 86725 | Dis:5    | Lost mutation: You have great hidden genetic potential.
                  | [hidden potential expressed]
 87025 | Dis:7    | Entered Level 7 of the Iron City of Dis
 87356 | Dis:7    | Noticed a juggernaut
 87360 | Dis:7    | Killed a juggernaut
 87693 | Dis:7    | Noticed a juggernaut
 87697 | Dis:7    | Killed a juggernaut
 87865 | Dis:7    | Identified the ring of Bityugen {Wiz Dex+4}
 88075 | Dis:7    | Noticed a juggernaut
 88083 | Dis:7    | Found the +4 staff of Dispater
 88083 | Dis:7    | Noticed Dispater
 88196 | Dis:7    | Killed Dispater
 88199 | Dis:7    | Killed a juggernaut
 88205 | Dis:7    | Got an iron rune of Zot
 88216 | Dis:7    | Identified the +1 helmet of Doryol {rPois}
 88738 | Tar:1    | Entered Level 1 of Tartarus
 88938 | Tar:1    | Gained mutation: You passively map a small area around you.
                  | [hidden potential]
 90469 | Tar:4    | Found a huge runed gate.
 90469 | Tar:4    | Found a huge runed gate.
 90469 | Tar:4    | Found a huge runed gate.
 90469 | Tar:4    | Found a huge runed gate.
 90469 | Tar:4    | Found a huge runed gate.
 90469 | Tar:4    | Found a huge runed gate.
 90476 | Tar:4    | Found a huge runed gate.
 90476 | Tar:4    | Found a huge runed gate.
 90476 | Tar:4    | Found a huge runed gate.
 90476 | Tar:4    | Found a huge runed gate.
 90544 | Tar:4    | Found a huge runed gate.
 90574 | Tar:4    | Found a huge runed gate.
 90610 | Tar:4    | Found a huge runed gate.
 90695 | Tar:4    | Found a huge runed gate.
 90699 | Tar:4    | Found a huge runed gate.
 90706 | Tar:4    | Found a huge runed gate.
 90707 | Tar:4    | Found a huge runed gate.
 90708 | Tar:4    | Found a huge runed gate.
 90709 | Tar:4    | Found a huge runed gate.
 90710 | Tar:4    | Found a huge runed gate.
 90718 | Tar:4    | Found a huge runed gate.
 90718 | Tar:4    | Found a huge runed gate.
 90740 | Tar:4    | Found a huge runed gate.
 90741 | Tar:4    | Found a huge runed gate.
 90990 | Tar:5    | Gained mutation: You are partially covered in iridescent
                  | scales. (AC +2) [hidden potential]
 90990 | Tar:5    | Lost mutation: You have hidden genetic potential. [hidden
                  | potential expressed]
 91632 | Tar:7    | Entered Level 7 of Tartarus
 91797 | Tar:7    | Noticed a dread lich
 91798 | Tar:7    | Noticed a dread lich
 91799 | Tar:7    | Killed a dread lich
 91801 | Tar:7    | Killed a dread lich
 91807 | Tar:7    | Noticed an ancient lich
 91809 | Tar:7    | Killed an ancient lich
 91960 | Tar:7    | Noticed Ereshkigal
 92000 | Tar:7    | Killed Ereshkigal
 92117 | Tar:7    | Identified the ring "Sudis" {rF+ rC+ Will+ Dex+2}
 92431 | Tar:7    | Got a bone rune of Zot
 92536 | Tar:7    | Found the +3 Elemental Staff {rElec rF++ rC++ AC+5}
 92590 | Tar:7    | Identified the +1 scale mail "Umots" {Fly rC- rN+++ Str-5}
 92626 | Tar:7    | Learned a level 9 spell: Fire Storm
 92709 | Coc:1    | Entered Level 1 of Cocytus
 92739 | Coc:1    | Paralysed by a wendigo for 1 turns
 94018 | Coc:7    | Entered Level 7 of Cocytus
 94171 | Coc:7    | Paralysed by a wendigo for 1 turns
 94318 | Coc:7    | Identified the +6 flail of Watchfulness {drain, Int+4}
 94581 | Coc:7    | Noticed Antaeus
 94602 | Coc:7    | Killed Antaeus
 95462 | Coc:7    | Got an icy rune of Zot
 95610 | Depths:2 | Upgraded the game from 0.29.1 to 0.29.1-1-gd02db6906a
 95653 | Pan      | Entered Pandemonium
 95655 | Pan      | Gained mutation: You are dopey. (Int -2) [a cacodemon]
 95725 | Pan      | Noticed Daclykhi the pandemonium lord
 95731 | Pan      | Killed Daclykhi the pandemonium lord
 95797 | Pan      | Identified the +10 long sword of Calamity {flame, rCorr
                  | Str+4 Dex-2}
 95863 | Pan      | Found an exit through the horrors of the Abyss.
 96271 | Pan      | Reached skill level 27 in Fighting
 96373 | Pan      | Got a demonic rune of Zot
 96416 | Pan      | Noticed Luzos the pandemonium lord
 96422 | Pan      | Killed Luzos the pandemonium lord
 96476 | Pan      | Gained mutation: Armour fits poorly on your strangely
                  | shaped body. [a cacodemon]
 96613 | Pan      | Noticed Xegegum the pandemonium lord
 96624 | Pan      | Killed Xegegum the pandemonium lord
 96647 | Pan      | Entered the realm of Cerebov.
 96771 | Pan      | Found an exit through the horrors of the Abyss.
 96893 | Pan      | Identified the +10 flail "Ogrebane" {vorpal, Str+3}
 96907 | Pan      | Identified the +1 helmet of Deer {rF+ Will+ MP+9}
 96969 | Pan      | Identified the +5 ring mail "Biawutt" {Fly rF- Str+2}
 97006 | Pan      | Found the +6 sword of Cerebov {flame}
 97006 | Pan      | Noticed Cerebov
 97035 | Pan      | Killed Cerebov
 97037 | Pan      | Identified the +8 mace of Impatience {freeze, Str+4}
 97044 | Pan      | Identified the +6 hand axe of Lies {chaos, +Blink rN+++
                  | Str+2 SInv}
 97053 | Pan      | Got a fiery rune of Zot
 97084 | Pan      | Identified the +5 spear of Itiary {freeze, rCorr}
 97175 | Pan      | Noticed Necibaqi the pandemonium lord
 97237 | Pan      | Lost mutation: Your flesh is cold resistant. (rC+) [a
                  | cacodemon]
 97326 | Pan      | Killed Necibaqi the pandemonium lord
 97734 | Pan      | Found a transporter.
 97800 | Pan      | Found a transporter.
 97916 | Pan      | Identified the amulet "Caqemul" {RegenMP Fragile Will+
                  | Int+4}
 97952 | Pan      | Identified the ring of Vahietz {Will+ Str+4 Int-3 SInv}
 97979 | Pan      | Entered the realm of Mnoleg.
 98030 | Pan      | Gained mutation: You are very dopey. (Int -4) [a cacodemon]
 98042 | Pan      | Gained mutation: Potions are less effective at restoring
                  | your health. [a cacodemon]
 98064 | Pan      | Noticed Mnoleg
 98065 | Pan      | Paralysed by a floating eye for 4 turns
 98072 | Pan      | Killed Mnoleg
 98075 | Pan      | Paralysed by a floating eye for 3 turns
 98081 | Pan      | Gained mutation: You are frail. (-10% HP) [a neqoxec]
 98083 | Pan      | Gained mutation: You occasionally lose the ability to read
                  | scrolls when taking damage. [a neqoxec]
 98083 | Pan      | Gained mutation: Your body sometimes deteriorates upon
                  | taking damage. [a neqoxec]
 98089 | Pan      | Gained mutation: You sometimes lose the ability to read
                  | scrolls when taking damage. [a neqoxec]
 98150 | Pan      | Got a glowing rune of Zot
 98175 | Pan      | Identified the +1 leather armour "Paexer" {rPois}
 98353 | Pan      | Gained mutation: You are very frail. (-20% HP) [a
                  | cacodemon]
 98376 | Pan      | Lost mutation: You are very frail. (-20% HP) [a cacodemon]
 98377 | Pan      | Gained mutation: You are occasionally teleported next to
                  | monsters. [a cacodemon]
 98519 | Pan      | Gained mutation: You are very frail. (-20% HP) [a
                  | cacodemon]
 98538 | Pan      | Gained mutation: You occasionally shout uncontrollably at
                  | your foes. [a cacodemon]
 98553 | Pan      | Lost mutation: You are very dopey. (Int -4) [potion of
                  | mutation]
 98553 | Pan      | Lost mutation: Potions are less effective at restoring your
                  | health. [potion of mutation]
 98553 | Pan      | Lost mutation: You have a beak for a mouth. [potion of
                  | mutation]
 98554 | Pan      | Lost mutation: You are dopey. (Int -2) [potion of mutation]
 98554 | Pan      | Lost mutation: You are partially covered in iridescent
                  | scales. (AC +2) [potion of mutation]
 98554 | Pan      | Lost mutation: You have a pair of small horns on your head.
                  | [potion of mutation]
 98554 | Pan      | Gained mutation: You are clumsy. (Dex -2) [potion of
                  | mutation]
 98555 | Pan      | Lost mutation: Your body sometimes deteriorates upon taking
                  | damage. [potion of mutation]
 98555 | Pan      | Lost mutation: You are clumsy. (Dex -2) [potion of
                  | mutation]
 98555 | Pan      | Lost mutation: You are very frail. (-20% HP) [potion of
                  | mutation]
 98556 | Pan      | Lost mutation: You are occasionally teleported next to
                  | monsters. [potion of mutation]
 98556 | Pan      | Lost mutation: You occasionally shout uncontrollably at
                  | your foes. [potion of mutation]
 98556 | Pan      | Lost mutation: You passively map a small area around you.
                  | [potion of mutation]
 98556 | Pan      | Lost mutation: You are covered in fur. (AC +1) [potion of
                  | mutation]
 98557 | Pan      | Lost mutation: You sometimes lose the ability to read
                  | scrolls when taking damage. [potion of mutation]
 98557 | Pan      | Lost mutation: Armour fits poorly on your strangely shaped
                  | body. [potion of mutation]
 98557 | Pan      | Gained mutation: You have hidden genetic potential. [potion
                  | of mutation]
 98558 | Pan      | Lost mutation: You occasionally lose the ability to read
                  | scrolls when taking damage. [potion of mutation]
 98558 | Pan      | Lost mutation: You have hidden genetic potential. [potion
                  | of mutation]
 98558 | Pan      | Gained mutation: Your mind is acute. (Int +4, Str/Dex -1)
                  | [potion of mutation]
 98558 | Pan      | Gained mutation: Your mind is very acute. (Int +8, Str/Dex
                  | -2) [potion of mutation]
 98558 | Pan      | Gained mutation: Your flesh is cold resistant. (rC+)
                  | [potion of mutation]
 98558 | Pan      | Lost mutation: You are frail. (-10% HP) [potion of
                  | mutation]
 98873 | Pan      | Found an exit through the horrors of the Abyss.
 99181 | Pan      | Entered the realm of Lom Lobon.
 99376 | Pan      | Noticed Lom Lobon
 99396 | Pan      | Killed Lom Lobon
 99545 | Pan      | Got a magical rune of Zot
100150 | Pan      | Found a glowing silver altar of Zin.
100317 | Pan      | Identified the +8 plate armour of Infinity {Int+3 Dex+3}
100361 | Pan      | Found a glowing golden altar of the Shining One.
100365 | Pan      | Identified the ring "Ciox" {rPois rCorr Int-5 Stlth+}
100365 | Pan      | Noticed a seraph
100369 | Pan      | Killed a seraph
100377 | Pan      | Got The Last Secrets of Spellweaving
100391 | Pan      | Identified the +3 scale mail of Muschir {Stlth+}
100649 | Pan      | Found a white marble altar of Elyvilon.
101521 | Pan      | Entered the realm of Gloorx Vloq.
101538 | Pan      | Noticed Gloorx Vloq
101547 | Pan      | Killed Gloorx Vloq
101632 | Pan      | Got a dark rune of Zot
102013 | Pan      | Found an exit through the horrors of the Abyss.
102649 | Pan      | Gained mutation: You sometimes lose your temper in combat.
                  | [a cacodemon]
102702 | Pan      | Found an exit through the horrors of the Abyss.
102743 | Pan      | Identified the +6 flail of Imminent Death {venom, rElec
                  | rPois rF+++ Dex-4}
102872 | Pan      | Noticed Heduw the pandemonium lord
102876 | Pan      | Killed Heduw the pandemonium lord
102946 | Depths:2 | Escaped Pandemonium
103188 | Crypt:1  | Entered Level 1 of the Crypt
103448 | Crypt:1  | Found a transporter.
103514 | Crypt:1  | Found a transporter.
103590 | Crypt:1  | Noticed Roocroe's ghost (veteran MiGl)
103690 | Crypt:1  | Learned a level 7 spell: Spellforged Servitor
103699 | Crypt:1  | Learned a level 8 spell: Necromutation
103740 | Crypt:2  | Found a magical portal.
103764 | WizLab   | Entered The Hall of the Hellbinder
103992 | WizLab   | Found a burning altar of Makhleb.
104445 | Crypt:2  | Noticed Boris
104447 | Crypt:2  | Killed Boris
104883 | Crypt:3  | Entered Level 3 of the Crypt
105179 | Crypt:3  | Noticed Boris
105182 | Crypt:3  | Killed Boris
105372 | Crypt:3  | Found a staircase to the Tomb.
105412 | Crypt:3  | Identified the +1 pair of boots of the Guild-Master {rC+
                  | rN+ rCorr Str+4}
105906 | Crypt:3  | Found an ancient bone altar of Kikubaaqudgha.
105932 | Crypt:3  | Identified the +3 great sword of Arbitration {antimagic,
                  | Str+3 Dex+3}
105933 | Crypt:3  | Identified the +10 scimitar of the Ghost {drain, +Blink
                  | Int+5 SInv Stlth+}
105934 | Crypt:3  | Identified the ring "Athaateamets" {rF+ rN+}
105934 | Crypt:3  | Identified the ring "Jadodede" {rC- rN+ Will++}
105934 | Crypt:3  | Identified the ring "Kucis" {rN+ rCorr Str+6 Int-2 Dex-4}
105951 | Crypt:3  | Noticed a dread lich
105953 | Crypt:3  | Killed a dread lich
106241 | Crypt:3  | Lost mutation: You sometimes lose your temper in combat.
                  | [potion of mutation]
106241 | Crypt:3  | Lost mutation: Your mind is very acute. (Int +8, Str/Dex
                  | -2) [potion of mutation]
106241 | Crypt:3  | Gained mutation: You have very sharp teeth. [potion of
                  | mutation]
106241 | Crypt:3  | Gained mutation: Your muscles are strong. (Str +4, Int/Dex
                  | -1) [potion of mutation]
106241 | Crypt:3  | Gained mutation: Your spells are a little harder to cast,
                  | but a little more powerful. [potion of mutation]
106245 | Tomb:1   | Entered Level 1 of the Tomb of the Ancients
106446 | Tomb:1   | Noticed Boris
106448 | Tomb:1   | Killed Boris
106758 | Tomb:1   | Noticed a royal mummy
106760 | Tomb:1   | Killed a royal mummy
107006 | Tomb:1   | Identified the +1 dire flail of Mayhem {protect, rC+ Dex+4}
107083 | Tomb:2   | Noticed a royal mummy
107085 | Tomb:2   | Noticed a royal mummy
107087 | Tomb:2   | Killed a royal mummy
107087 | Tomb:2   | Noticed a royal mummy
107087 | Tomb:2   | Noticed a royal mummy
107087 | Tomb:2   | Noticed a royal mummy
107097 | Tomb:2   | Killed a royal mummy
107097 | Tomb:2   | Killed a royal mummy
107099 | Tomb:2   | Killed a royal mummy
107099 | Tomb:2   | Killed a royal mummy
107417 | Tomb:1   | Noticed a royal mummy
107418 | Tomb:1   | Noticed a royal mummy
107420 | Tomb:1   | Killed a royal mummy
107421 | Tomb:1   | Killed a royal mummy
107433 | Tomb:1   | Noticed a royal mummy
107437 | Tomb:1   | Killed a royal mummy
107464 | Tomb:1   | Noticed a royal mummy
107472 | Tomb:1   | Killed a royal mummy
107489 | Tomb:1   | Noticed a royal mummy
107491 | Tomb:1   | Noticed a royal mummy
107497 | Tomb:1   | Killed a royal mummy
107499 | Tomb:1   | Killed a royal mummy
107569 | Tomb:1   | Noticed a royal mummy
107572 | Tomb:1   | Noticed a royal mummy
107574 | Tomb:1   | Killed a royal mummy
107574 | Tomb:1   | Killed a royal mummy
107575 | Tomb:1   | Killed a royal mummy
107576 | Tomb:1   | Noticed a royal mummy
107576 | Tomb:1   | Noticed a royal mummy
107577 | Tomb:1   | Killed a royal mummy
107580 | Tomb:1   | Noticed a royal mummy
107581 | Tomb:1   | Killed a royal mummy
107582 | Tomb:1   | Killed a royal mummy
108544 | Depths:2 | You paid a toll of 2 scrolls of acquirement to enter a
                  | treasure trove
108545 | Trove    | Entered a treasure trove
108566 | Trove    | Got Sif Muna's Secrets of Bolts
109447 | Tomb:3   | Entered Level 3 of the Tomb of the Ancients
109459 | Tomb:3   | Reached skill level 10 in Transmutations
109470 | Tomb:3   | Noticed a royal mummy
109470 | Tomb:3   | Noticed a royal mummy
109472 | Tomb:3   | Noticed a royal mummy
109472 | Tomb:3   | Noticed a royal mummy
109472 | Tomb:3   | Noticed a royal mummy
109473 | Tomb:3   | Killed a royal mummy
109473 | Tomb:3   | Killed a royal mummy
109473 | Tomb:3   | Noticed a royal mummy
109474 | Tomb:3   | Killed a royal mummy
109474 | Tomb:3   | Noticed a royal mummy
109474 | Tomb:3   | Noticed a royal mummy
109475 | Tomb:3   | Killed a royal mummy
109475 | Tomb:3   | Killed a royal mummy
109476 | Tomb:3   | Killed a royal mummy
109477 | Tomb:3   | Killed a royal mummy
109478 | Tomb:3   | Killed a royal mummy
109490 | Tomb:3   | Noticed a royal mummy
109493 | Tomb:3   | Killed a royal mummy
109508 | Tomb:3   | Got a golden rune of Zot
109822 | Tomb:3   | Found the +7 Spriggan's Knife {stab, EV+4 Stlth+}
109824 | Tomb:3   | Identified the +2 helmet of Surprise {rElec SInv}
109868 | Tomb:3   | Identified the +5 longbow of Proximity {vorpal, Int+2}
109892 | Tomb:3   | Identified the +7 glaive of Sostink {chaos, rElec rPois
                  | Will- SInv}
109895 | Tomb:3   | Identified the ring of Vuwk {*Slow Will+ EV+4 Dex+3}
110533 | Zot:1    | Entered Level 1 of the Realm of Zot
110620 | Zot:1    | Identified the +2 quarterstaff of Exquisite Death {freeze,
                  | rF+ rN+ Str-3 Stlth+}
110636 | Zot:1    | Found a transporter.
111281 | Zot:2    | Found the +4 dragonskin cloak
111281 | Zot:2    | Noticed Tiamat
111299 | Zot:2    | Reached skill level 15 in Short Blades
111302 | Zot:2    | Killed Tiamat
111539 | Zot:2    | Found a transporter.
113831 | Zot:5    | Entered Level 5 of the Realm of Zot
113960 | Zot:5    | Noticed an orb of fire
113962 | Zot:5    | Lost mutation: Your muscles are strong. (Str +4, Int/Dex
                  | -1) [an orb of fire]
113963 | Zot:5    | Killed an orb of fire
114260 | Zot:5    | Noticed an orb of fire
114260 | Zot:5    | Noticed an orb of fire
114265 | Zot:5    | Killed an orb of fire
114267 | Zot:5    | Killed an orb of fire
114322 | Zot:5    | Noticed an orb of fire
114322 | Zot:5    | Gained mutation: You occasionally lose the ability to read
                  | scrolls when taking damage. [an orb of fire]
114326 | Zot:5    | Killed an orb of fire
114329 | Zot:5    | Lost mutation: Your flesh is cold resistant. (rC+) [potion
                  | of mutation]
114329 | Zot:5    | Lost mutation: You have very sharp teeth. [potion of
                  | mutation]
114329 | Zot:5    | Lost mutation: You occasionally lose the ability to read
                  | scrolls when taking damage. [potion of mutation]
114329 | Zot:5    | Gained mutation: You are strong-willed. (Will+) [potion of
                  | mutation]
114338 | Zot:5    | Noticed an ancient lich
114340 | Zot:5    | Killed an ancient lich
114349 | Zot:5    | Noticed an ancient lich
114351 | Zot:5    | Noticed an ancient lich
114353 | Zot:5    | Killed an ancient lich
114357 | Zot:5    | Killed an ancient lich
114407 | Zot:5    | Noticed an orb of fire
114412 | Zot:5    | Noticed an orb of fire
114417 | Zot:5    | Killed an orb of fire
114424 | Zot:5    | Noticed an ancient lich
114427 | Zot:5    | Killed an ancient lich
114494 | Zot:5    | Got the Orb of Zot
114498 | Zot:5    | Noticed a dread lich
114500 | Zot:5    | Noticed a dread lich
114500 | Zot:5    | Noticed an orb of fire
114502 | Zot:5    | Killed a dread lich
114502 | Zot:5    | Killed a dread lich
114503 | Zot:5    | Noticed an ancient lich
114504 | Zot:5    | Noticed an orb of fire
114505 | Zot:5    | Killed an ancient lich
114510 | Zot:5    | Killed an orb of fire
114510 | Zot:5    | Killed an orb of fire
114568 | Zot:5    | Identified the +10 morningstar of Dithmenos, Singing
                  | {drain, Dex+4}
114623 | Zot:5    | Noticed an orb of fire
114628 | Zot:5    | Killed an orb of fire
114782 | Zot:5    | Noticed Keoveguf the pandemonium lord
114785 | Zot:5    | Killed Keoveguf the pandemonium lord
114822 | Zot:5    | Gained mutation: Armour fits poorly on your strangely
                  | shaped body. [an orb of fire]
114823 | Zot:5    | Killed an orb of fire
115293 | D:9      | Noticed Yfunnyhu the pandemonium lord
115296 | D:9      | Killed Yfunnyhu the pandemonium lord
115488 | D:6      | Noticed Lekiwn the pandemonium lord
115489 | D:6      | Killed Lekiwn the pandemonium lord
115599 | D:2      | Noticed Tiseel the pandemonium lord
115603 | D:2      | Killed Tiseel the pandemonium lord
115844 | D:$      | Escaped with the Orb!

Illustrated notes

Levels and vault maps discovered:
D:1:      kennysheep_arrival_forest, layout_rooms, nrook_mini_backslash
D:2:      layout_basic, ebering_ecumenical_altar_abandoned, minmay_surrounded,
          uniq_natasha
D:3:      layout_loops_cross
D:4:      layout_loops_ring, nicolae_overflow_hallway_of_the_gods,
          minmay_between
D:5:      nicolae_cairo_tiling_very_big, layout_loops_ring,
          mainiacjoe_overflow_alcove_4, general_overflow_altar,
          minmay_temple_entry_mist, uniq_crazy_yiuf_cottage, uniq_edmund
D:6:      layout_loops_cross, gup_sewer_entry_bubbles
D:7:      layout_cave_pods, mainiacjoe_overflow_alcove_2,
          overflow_temple_1_default, serial_rivers,
          chequers_serial_rivers_micro_d, chequers_serial_rivers_micro_c,
          chequers_serial_rivers_micro_c, chequers_serial_rivers_micro_e,
          chequers_serial_rivers_small_3, chequers_serial_rivers_small_b,
          dreamdust_princess_corridor, kb_lookout_dungeons_type,
          minmay_fractal_squares_diagonal_5, uniq_maggie
D:8:      layout_basic, minmay_lair_entry_grove, uniq_pikel, uniq_erica,
          uniq_psyche, uniq_gastronok
D:9:      layout_big_octagon, nicolae_overflow_hidden_temple,
          nicolae_elyvilon_peaceful_grove, gammafunk_ghost_necromancy
D:10:     minmay_blocky_corners, layout_irregular_city, david_orc_2,
          serial_shops, nicolae_inconvenience_store, minivault_24, uniq_lodul
D:11:     layout_irregular_city, serial_undead, serial_undead_c,
          serial_undead_e, serial_undead_d, serial_undead_a, serial_undead_d,
          serial_undead_d, serial_undead_b
D:12:     layout_basic
D:13:     layout_basic, hangedman_vaults_entry_quadrant_bands,
          ebering_ghost_disaster_area, hangedman_abyss_or_decor_stabs,
          hangedman_abyss_or_decor_stagger, nicolae_vehumet_altar_sigil
D:14:     layout_loops_cross, hangedman_decor_growths, uniq_snorg, uniq_frances
D:15:     gammafunk_depths_entry_grave, layout_stronghold,
          gauntlet_entry_generic, nicolae_hepliaklqana_monster_ancestors,
          uniq_jorgrun, uniq_agnes
Temple:   cyrus_temple_forest
Lair:1:   layout_misc_corridors, minmay_lair_oklob_bushes, uniq_amaemon
Lair:2:   layout_long_grid, spider_nest_entry_webs
Lair:3:   layout_hall_layers, palyth_hydra_swamp_entry
Lair:4:   layout_regular_city, enter_volcano_2, infiniplex_staircase_pool
Lair:5:   gammafunk_lair_ancient_temple, layout_misc_corridors,
          minmay_slime_entry_oklob_enclosed, lemuel_fruit_fields
Swamp:1:  layout_falls_marsh, nicolae_swamp_small_spring
Swamp:2:  layout_falls_marsh, serial_swamp_ruin, evilmike_swamp_ruin_house_3,
          evilmike_swamp_ruin_rubble_1, evilmike_swamp_ruin_house_4, swamp_pool2
Swamp:3:  layout_basic_swamp, gammafunk_ghost_split, evilmike_swamp_ruin_house_6
Swamp:4:  swamp_pestilence, layout_basic_swamp, swamp_pool1
Spider:1: layout_spider_delve
Spider:2: layout_spider_delve, uniq_arachne
Spider:3: layout_spider_delve, uniq_mara, uniq_mlioglotl
Spider:4: grunt_spider_rune_circles, uniq_bai_suzhen, uniq_nikola, uniq_donald
Slime:1:  cheibrodos_slime_lost_civilization_2, layout_caves
Slime:2:  layout_caves
Slime:3:  layout_caves, cheibrodos_slime_lost_civilization_6
Slime:4:  layout_caves, basic_altar, cheibrodos_slime_lost_civilization_7
Slime:5
Orc:1:    layout_caves, basic_altar, minmay_orc_keep
Orc:2:    st_orc_elflike, layout_caves, basic_altar
Elf:1:    eino_elf_arrival_the_gate, layout_onion_city, hangedman_elf_disciples
Elf:2:    nicolae_elf_blades_splatter_lattice
          [nicolae_blade_entry_area_security], layout_rooms, serial_shops,
          nicolae_stop_n_shop_1, minmay_misc_feat_pillars, uniq_zenata,
          uniq_azrael
Elf:3:    minmay_elf_hall_x, layout_loops_corners, serial_shops, shop,
          nicolae_elf_big_sculpture_1
Vaults:1: portal_desolation_entry_ruin, nicolae_vaults_stairing_the_circle,
          v_misc_3, ontoclasm_vaults_ring_square, v_misc_10, kb_rosetta,
          v_misc_25, vaults_room_pool, layout_vaults_omnigrid, serial_shops,
          nicolae_shop_statue_plus
Vaults:2: vaults_mumra_chevron, v_misc_15, v_misc_28, hangedman_vaults_hat,
          nicolae_vaults_yaktaur_gun_rack, v_misc_18, v_misc_9, v_misc_30,
          v_misc_23, vaults_room_hallway, nicolae_vaults_little_squares_2,
          layout_vaults_big_room, uniq_asterion
Vaults:3: hangedman_vaults_stream, nicolae_vaults_angled_halls,
          ontoclasm_vaults_eye, vaults_standard_mumra_enter_the_diamond,
          ontoclasm_vaults_ring_large, grunt_vaults_funnel, vaults_room_hallway,
          minmay_crypt_entry_skeletal_spiral, nicolae_vaults_little_squares_1,
          st_eye, ontoclasm_vaults_ligature, nicolae_vaults_ninety_degrees,
          nicolae_vaults_little_ls, nicolae_vaults_border_crossing,
          vaults_dpeg_encased_lava, ontoclasm_vaults_claustrophobia,
          layout_vaults_omnibox, uniq_margery, uniq_saint_roka
Vaults:4: v_pattern_3, vaults_room_fours, nicolae_vaults_gold_heap,
          nicolae_vaults_triangles, ontoclasm_vaults_decontamination,
          vaults_standard_mumra_x, vaults_standard_mumra_lines,
          hangedman_vaults_stitches, st_spiral_rooms, v_misc_24,
          layout_vaults_maze_snakey
Vaults:5: serial_shops, uniq_jory
Crypt:1:  layout_rooms, gammafunk_ghost_abyssal_escape
Crypt:2:  layout_regular_city, mu_enter_wizlab_1, roderic_lattice_octagonal_star
Crypt:3:  quadcrypt_mu
Tomb:1
Tomb:2
Tomb:3
Depths:1: layout_gridlike, hellmouth_1, hangedman_abyss_or_decor_clamps,
          abyss_entry_small_statue_room, okawaru_trees_2, uniq_sojobo
Depths:2: minmay_four_inscribed_fans, layout_twisted_cross, enter_ziggurat_c,
          rand_demon_pan_entry_9, enter_trove_3, grunt_decor_arrowhead,
          hell_entry
Depths:3: grunt_forest_end_shrine, layout_cave_shapes, abyss_entry,
          serial_bayou_lagoon_a, hell_entry, serial_shops, shop, tso_metal_star,
          infiniplex_staircase_x, grunt_megastairs_5, uniq_frederick,
          uniq_boris, uniq_vv
Depths:4: grunt_zot_entry_pinwheel, layout_gridlike, hell_entry,
          ashenzari_conservatory_becter, uniq_xtahua, uniq_josephina,
          uniq_enchantress
Hell
Dis:1:    layout_gridville
Dis:2:    layout_gridville, special_room [special_room_morgue],
          minmay_strange_pillars
Dis:3:    layout_overlapping_boxes
Dis:4:    layout_jigsaw
Dis:5:    layout_gridville, nicolae_dis_having_a_grate_time
Dis:6:    layout_regular_city, not_door_vault_due
Dis:7:    dis_hangedman
Geh:1:    layout_gehenna_pools_triple
Geh:2:    nicolae_geh_i_lava_good_maze [nicolae_geh_lavamaze_orthhalf_recurse,
          nicolae_geh_lavamaze_orthhalf_field]
Geh:3:    layout_gehenna_lava_caves
Geh:4:    layout_gehenna_lava_caves
Geh:5:    layout_gehenna_lava_caves
Geh:6:    layout_gehenna_pools_basic
Geh:7:    geh_mu
Coc:1:    layout_ice_bergs
Coc:2:    nicolae_coc_three_mouths, layout_cocytus_delve
Coc:3:    layout_ice_bergs
Coc:4:    layout_cocytus_water_paths
Coc:5:    layout_cocytus_delve
Coc:6:    layout_cocytus_water_paths
Coc:7:    coc_mu
Tar:1:    layout_honeycomb, grunt_tartarus_stairs_gauntlet_trap
Tar:2:    layout_catacombs
Tar:3:    layout_grid_maze, nicolae_tar_combbox
Tar:4:    layout_honeycomb, door_vault
Tar:5:    layout_grid_maze
Tar:6:    layout_honeycomb, nicolae_tar_combstack
Tar:7:    tar_old
Zot:1:    layout_misc_corridors, st_single_dragon_hoard_1, nicolae_diode_basic
Zot:2:    layout_cathedral_of_symmetry, lemuel_baited_zot_trap,
          nicolae_diode_stairs, grunt_megastairs_3, uniq_tiamat
Zot:3:    layout_twisted_circle, st_stairs_8
Zot:4:    layout_gridville, lemuel_elevator
Zot:5:    layout_basic, lemuel_lake_of_fire

Skill      XL: |  1  2  3  4  5  6  7  8  9 10 11 12 13 14 15 16 17 18 19 20 21 22 23 24 25 26 27 |
---------------+----------------------------------------------------------------------------------+-----
Spellcasting   | 3 4 5 6 9 11 12 14 15 17 18 25 | 25.0
Earth Magic    | 4 5 8 9 12 15 16 17 18 20 23 25 27 | 27.0
Conjurations   | 1 4 5 9 10 14 15 22 | 22.0
Armour         | 2 5 6 8 9 10 12 24 | 24.0
Fighting       | 3 10 11 12 15 16 17 27 | 27.0
Long Blades    | 1 5 |  5.0
Dodging        | 3 6 10 12 20 | 20.0
Poison Magic   | 2 6 8 9 |  9.1
Polearms       | 5 |  5.3
Short Blades   | 4 6 7 12 13 19 | 19.7
Shields        | 4 9 10 12 22 | 22.3
Evocations     | 3 5 6 7 10 12 14 15 22 | 22.0
Transmutations | 2 4 5 12 | 12.0
Summonings     | 1 |  1.4
Staves         | 1 |  1.6
Stealth        | 3 5 8 10 12 15 | 15.0
Translocations | 5 |  5.0
Necromancy     | 3 26 | 26.9
Fire Magic     | 26 | 26.9

Action                   |  1- 3 |  4- 6 |  7- 9 | 10-12 | 13-15 | 16-18 | 19-21 | 22-24 | 25-27 || total
-------------------------+-------+-------+-------+-------+-------+-------+-------+-------+-------++-------
Melee: Dagger            |     9 |       |       |       |       |       |       |       |       ||     9
       Short sword       |     1 |     1 |       |       |       |       |       |       |       ||     2
       Mace              |       |     4 |       |       |       |       |       |       |       ||     4
       Scimitar          |       |    72 |    21 |   210 |    30 |       |       |       |       ||   333
       Headbutt          |       |       |     3 |    48 |    39 |    21 |   129 |    52 |   481 ||   773
       Punch             |       |       |       |     3 |       |       |       |       |       ||     3
       Demon trident     |       |       |       |       |    68 |       |       |       |       ||    68
       Rapier            |       |       |       |       |    65 |   100 |   371 |   153 |  1632 ||  2321
       Peck              |       |       |       |       |       |       |       |       |   152 ||   152
       Bite              |       |       |       |       |       |       |       |       |    12 ||    12
Throw: Dart              |       |       |       |     2 |     3 |       |       |       |       ||     5
       Throwing net      |       |       |       |     1 |       |     5 |       |       |     2 ||     8
 Cast: Sandblast         |    53 |    76 |    24 |     6 |       |       |       |       |       ||   159
       Stone Arrow       |       |     7 |    99 |   227 |   464 |    13 |     3 |       |       ||   813
       Lee's Rapid Decon |       |       |       |    28 |    64 |    27 |    38 |    13 |    37 ||   207
       Olgreb's Toxic Ra |       |       |       |     3 |   117 |    22 |    37 |    30 |    38 ||   247
       Petrify           |       |       |       |     1 |       |       |       |       |       ||     1
       Iron Shot         |       |       |       |       |     4 |   566 |   371 |   267 |  1734 ||  2942
       Lehudib's Crystal |       |       |       |       |       |    36 |   100 |   102 |   581 ||   819
       Shatter           |       |       |       |       |       |       |    20 |    53 |   898 ||   971
       Blink             |       |       |       |       |       |       |       |    20 |    47 ||    67
       Leda's Liquefacti |       |       |       |       |       |       |       |     9 |       ||     9
       Ignite Poison     |       |       |       |       |       |       |       |    16 |    11 ||    27
       Fire Storm        |       |       |       |       |       |       |       |       |   168 ||   168
       Spellforged Servi |       |       |       |       |       |       |       |       |    23 ||    23
       Necromutation     |       |       |       |       |       |       |       |       |     5 ||     5
       Death's Door      |       |       |       |       |       |       |       |       |     4 ||     4
Evoke: Wand              |       |       |     2 |     1 |       |     3 |       |     1 |    27 ||    34
       Tin of tremorston |       |       |       |       |       |       |       |     2 |     5 ||     7
       Box of beasts     |       |       |       |       |       |       |       |     1 |     3 ||     4
       Lightning rod     |       |       |       |       |       |       |       |     2 |     3 ||     5
       Condenser vane    |       |       |       |       |       |       |       |     1 |     3 ||     4
       Horn of Geryon    |       |       |       |       |       |       |       |       |     1 ||     1
       Phial of floods   |       |       |       |       |       |       |       |       |     1 ||     1
  Use: Scroll            |       |     6 |    11 |     7 |    17 |     5 |     8 |     4 |    29 ||    87
       Potion            |       |       |     2 |     1 |     1 |     1 |     2 |     4 |    57 ||    68
 Stab: Sleeping          |       |       |     2 |       |       |       |       |       |     5 ||     7
       Held in net/web   |       |       |       |     1 |       |     3 |       |       |       ||     4
       Distracted        |       |       |       |       |       |       |       |       |     4 ||     4
Armor: Robe              |     9 |    59 |    15 |       |    16 |   163 |   269 |   169 |   872 ||  1572
       Acid dragon scale |       |       |     5 |   219 |   260 |       |       |       |       ||   484
       Skin              |       |       |       |       |       |       |       |       |    10 ||    10
Dodge: Dodged            |    18 |    89 |    45 |   228 |   259 |   170 |   299 |   193 |  1278 ||  2579
Block: Kite shield       |       |       |       |       |    54 |    10 |       |       |   825 ||   889
       Buckler           |       |       |       |       |       |   117 |   200 |   102 |   473 ||   892
